Workbook
Name _DAT1: '[1]Balancete 0507'!#REF!
Name _DAT10: #REF!
Name _DAT11: #REF!
Name _DAT12: #REF!
Name _DAT13: #REF!
Name _DAT14: #REF!
Name _DAT15: #REF!
Name _DAT16: #REF!
Name _DAT2: '[1]Balancete 0507'!#REF!
Name _DAT3: '[1]Balancete 0507'!#REF!
Name _DAT4: '[1]Balancete 0507'!#REF!
Name _DAT5: '[1]Balancete 0507'!#REF!
Name _DAT6: '[1]Balancete 0507'!#REF!
Name _DAT7: '[1]Balancete 0507'!#REF!
Name _DAT8: '[1]Balancete 0507'!#REF!
Name _DAT9: #REF!
Name _DATgabi: '[1]Balancete 0507'!#REF!
Name _dez2006: #REF!
Name _E722001: [2]E72_2001!$A:$IV
Name _e722002: [2]E72_2002!$A:$IV
Name _E732002: [3]E73_2002!$A:$IV
Name _e742001: [4]E74_2001!$A:$IV
Name _e742002: [4]E74_2002!$A:$IV
Name _e752002: [5]E75_2002!$A:$IV
Name _e772002: #REF!
Name _e782002: #REF!
Name _nov2006: #REF!
Name _Toc71818716: '% Venda e POC | % Sold and POC'!#REF!
Name _Toc71818844: '% Venda e POC | % Sold and POC'!#REF!
Name adjnetincome: #REF!
Name antec01: #REF!
Name antec72: #REF!
Name antece66: #REF!
Name ANTECIPAÇÃO: #REF!
Name antecipacaoe66: #REF!
Name bnone: #REF!
Name break: #REF!
Name breakage: Menu!#REF!
Name breakage: #REF!
Name breakagedefrev: #REF!
Name breakagere: #REF!
Name breakagereDvex: #REF!
Name breakagerev: #REF!
Name breakagerevex: #REF!
Name burnearn: #REF!
Name changefutcosts: #REF!
Name COEF.: [6]rec_dif!#REF!
Name D_1: #REF!
Name data: 'Data|Dados'!$F$1
Name deb: #REF!
Name debenture: #REF!
Name example_breakage: #REF!
Name example_changecost: #REF!
Name example_revenue: #REF!
Name examples: #REF!
Name FF_51: #REF!
Name FF_52: #REF!
Name gbillingspoints: #REF!
Name glossary: #REF!
Name hungara: #REF!

Sheet Menu
A5: H I S T O R I C A L D A T A | B5: D A D O S H I S T Ó R I C O S | D5: =IF($G$10="English",A5,B5) -> D A D O S H I S T Ó R I C O S
A8: Investor Relations Contacts | B8: Contato Relações com Investidores | D8: =IF($G$10="English",A8,B8) -> Contato Relações com Investidores
A10: Juliano Melnick – CFO e DRI | B10: Juliano Melnick – CFO e DRI | D10: =IF($G$10="English",A10,B10) -> Juliano Melnick – CFO e DRI | F10: =IF(G10="English","Language","Idioma") -> Idioma | G10: Português
A11: Joelson Barbosa Boeira - Administrative and IR Director | B11: Joelson Barbosa Boeira - Diretor Administrativo e de RI | D11: =IF($G$10="English",A11,B11) -> Joelson Barbosa Boeira - Diretor Administrativo e de RI | F11: =IF(G10="English","Version","Versão") -> Versão | G11: =IF(G10="Português","30/06/2026","06.30.2026") -> 30/06/2026
A12: Ricardo Costa Ponce – Accounting and IR Manager | B12: Ricardo Costa Ponce - Gerente de Contabilidade e de RI | D12: =IF($G$10="English",A12,B12) -> Ricardo Costa Ponce - Gerente de Contabilidade e de RI
A15: ri@melnick.com.br | B15: ri@melnick.com.br | D15: =IF($G$10="English",A15,B15) -> ri@melnick.com.br
A16: http://ri.melnick.com.br/ | B16: http://ri.melnick.com.br/ | D16: =IF($G$10="English",A16,B16) -> http://ri.melnick.com.br/

Sheet Data|Dados
A6: OPERATIONALS & FINANCIALS | LAUNCHES | B6: OPERACIONAIS & FINANCEIROS | LANÇAMENTOS | F6: =IF(Menu!$G$10="English",A6,B6) -> OPERACIONAIS & FINANCEIROS | LANÇAMENTOS
A7: Items | B7: Itens | C7: Unit | D7: Unidade | F7: =IF(Menu!$G$10="English",A7,B7) -> Itens | G7: =IF(Menu!$G$10="English",C7,D7) -> Unidade | H7: 2017 | I7: 2018 | J7: 2019 | K7: =IF(Menu!$G$10="PORTUGUÊS","1T20","1Q20") -> 1T20 | L7: =IF(Menu!$G$10="PORTUGUÊS","2T20","2Q20") -> 2T20 | M7: =IF(Menu!$G$10="PORTUGUÊS","3T20","3Q20") -> 3T20 | N7: =IF(Menu!$G$10="PORTUGUÊS","4T20","4Q20") -> 4T20 | O7: =IF(Menu!$G$10="PORTUGUÊS","1T21","1Q21") -> 1T21 | P7: =IF(Menu!$G$10="PORTUGUÊS","2T21","2Q21") -> 2T21 | Q7: =IF(Menu!$G$10="PORTUGUÊS","3T21","3Q21") -> 3T21 | R7: =IF(Menu!$G$10="PORTUGUÊS","4T21","4Q21") -> 4T21 | S7: =IF(Menu!$G$10="PORTUGUÊS","1T22","1Q22") -> 1T22 | T7: =IF(Menu!$G$10="PORTUGUÊS","2T22","2Q22") -> 2T22 | U7: =IF(Menu!$G$10="PORTUGUÊS","3T22","3Q22") -> 3T22 | V7: =IF(Menu!$G$10="PORTUGUÊS","4T22","4Q22") -> 4T22 | W7: =IF(Menu!$G$10="PORTUGUÊS","1T23","1Q23") -> 1T23 | X7: =IF(Menu!$G$10="PORTUGUÊS","2T23","2Q23") -> 2T23 | Y7: =IF(Menu!$G$10="PORTUGUÊS","3T23","3Q23") -> 3T23 | Z7: =IF(Menu!$G$10="PORTUGUÊS","4T23","4Q23") -> 4T23 | AA7: =IF(Menu!$G$10="PORTUGUÊS","1T24","1Q24") -> 1T24 | AB7: =IF(Menu!$G$10="PORTUGUÊS","2T24","2Q24") -> 2T24 | AC7: =IF(Menu!$G$10="PORTUGUÊS","3T24","3Q24") -> 3T24 | AD7: =IF(Menu!$G$10="PORTUGUÊS","4T24","4Q24") -> 4T24 | AE7: =IF(Menu!$G$10="PORTUGUÊS","1T25","1Q25") -> 1T25 | AF7: =IF(Menu!$G$10="PORTUGUÊS","2T25","2Q25") -> 2T25 | AG7: =IF(Menu!$G$10="PORTUGUÊS","3T25","3Q25") -> 3T25 | AH7: =IF(Menu!$G$10="PORTUGUÊS","4T25","4Q25") -> 4T25 | AI7: =IF(Menu!$G$10="PORTUGUÊS","1T26","1Q26") -> 1T26 | AJ7: =IF(Menu!$G$10="PORTUGUÊS","2T26","2Q26") -> 2T26 | AL7: 2017 | AM7: 2018 | AN7: 2019 | AO7: 2020 | AP7: 2021 | AQ7: 2022 | AR7: 2023 | AS7: 2024 | AT7: 2025 | AU7: 2026
A8: Enterprises launched | B8: Empreendimentos lançados | C8: Unit | D8: Unidade | F8: =IF(Menu!$G$10="English",A8,B8) -> Empreendimentos lançados | G8: =IF(Menu!$G$10="English",C8,D8) -> Unidade | H8: =SUM(H9:H11) -> 5 | I8: =SUM(I9:I11) -> 5 | J8: =SUM(J9:J11) -> 8 | K8: =SUM(K9:K11) -> 2 | L8: =SUM(L9:L11) -> 2 | M8: =SUM(M9:M11) -> 1 | N8: =SUM(N9:N11) -> 1 | O8: =SUM(O9:O11) -> 4 | ... AJ8: =SUM(AJ9:AJ11) -> 1 | AL8: =SUM(AL9:AL11) -> 5 | AM8: =SUM(AM9:AM11) -> 5 | AN8: =SUM(AN9:AN11) -> 8 | AO8: =SUM(AO9:AO11) -> 6 | AP8: =SUM(AP9:AP11) -> 9 | AQ8: =SUM(AQ9:AQ11) -> 10 | AR8: =SUM(AR9:AR11) -> 8 | AS8: =SUM(AS9:AS11) -> 10 | ... AU8: =SUM(AU9:AU11) -> 3
A9: Real Estate | B9: Incorporadora | C9: Incorporadora | D9: Unidade | E9: LançamentosEmpreendimentos lançadosSão Paulo | F9: =IF(Menu!$G$10="English",A9,B9) -> Incorporadora | G9: =IF(Menu!$G$10="English",C9,D9) -> Unidade | H9: 3 | I9: 4 | J9: 5 | K9: 1 | L9: 1 | M9: 1 | N9: 1 | O9: 3 | P9: 1 | Q9: 2 | R9: 2 | S9: 1 | T9: 1 | U9: 1 | V9: 1 | W9: 3 | X9: 0 | Y9: 2 | Z9: 0 | AA9: 2 | AB9: 0 | AC9: 3 | AD9: 1 | AE9: 0 | AF9: 2 | AG9: 1 | AH9: 1 | AI9: 1 | AJ9: 1 | AL9: =H9 -> 3 | AM9: =I9 -> 4 | AN9: =J9 -> 5 | AO9: =SUM(K9:N9) -> 4 | AP9: =SUM(O9:R9) -> 8 | AQ9: =SUM(S9:V9) -> 4 | AR9: =SUM(W9:Z9) -> 5 | AS9: =AA9+AB9+AC9+AD9 -> 6 | AT9: =AE9+AF9+AG9+AH9 -> 4 | AU9: =SUM(AI9:AJ9) -> 2
A10: Lot development | B10: Urbanizadora | C10: Urbanizadora | D10: Unidade | E10: LançamentosEmpreendimentos lançadosRio de Janeiro | F10: =IF(Menu!$G$10="English",A10,B10) -> Urbanizadora | G10: =IF(Menu!$G$10="English",C10,D10) -> Unidade | H10: 2 | I10: 1 | J10: 2 | K10: 1 | L10: 0 | M10: 0 | N10: 0 | O10: 1 | P10: 0 | Q10: 0 | R10: 0 | S10: 1 | T10: 0 | U10: 1 | V10: 2 | W10: 0 | X10: 0 | Y10: 1 | Z10: 2 | AA10: 0 | AB10: 0 | AC10: 0 | AD10: 2 | AE10: 0 | AF10: 0 | AG10: 0 | AH10: 0 | AI10: 0 | AJ10: 0 | AL10: =H10 -> 2 | AM10: =I10 -> 1 | AN10: =J10 -> 2 | AO10: =SUM(K10:N10) -> 1 | AP10: =SUM(O10:R10) -> 1 | AQ10: =SUM(S10:V10) -> 4 | AR10: =SUM(W10:Z10) -> 3 | AS10: =AA10+AB10+AC10+AD10 -> 2 | AT10: =AE10+AF10+AG10+AH10 -> 0 | AU10: =SUM(AI10:AJ10) -> 0
A11: Open | B11: Open | C11: Open | D11: Unidade | E11: LançamentosEmpreendimentos lançadosRio Grande do Sul | F11: =IF(Menu!$G$10="English",A11,B11) -> Open | G11: =IF(Menu!$G$10="English",C11,D11) -> Unidade | H11: 0 | I11: 0 | J11: 1 | K11: 0 | L11: 1 | M11: 0 | N11: 0 | O11: 0 | P11: 0 | Q11: 0 | R11: 0 | S11: 1 | T11: 1 | U11: 0 | V11: 0 | W11: 0 | X11: 0 | Y11: 0 | Z11: 0 | AA11: 0 | AB11: 0 | AC11: 1 | AD11: 1 | AE11: 0 | AF11: 0 | AG11: 1 | AH11: 2 | AI11: 1 | AJ11: 0 | AL11: =H11 -> 0 | AM11: =I11 -> 0 | AN11: =J11 -> 1 | AO11: =SUM(K11:N11) -> 1 | AP11: =SUM(O11:R11) -> 0 | AQ11: =SUM(S11:V11) -> 2 | AR11: =SUM(W11:Z11) -> 0 | AS11: =AA11+AB11+AC11+AD11 -> 2 | AT11: =AE11+AF11+AG11+AH11 -> 3 | AU11: =SUM(AI11:AJ11) -> 1
A13: Units launched | B13: Unidades lançadas | C13: Unit | D13: Unidade | F13: =IF(Menu!$G$10="English",A13,B13) -> Unidades lançadas | G13: =IF(Menu!$G$10="English",C13,D13) -> Unidade | H13: =SUM(H14:H16) -> 1052 | I13: =SUM(I14:I16) -> 764.65719 | J13: =SUM(J14:J16) -> 1442 | K13: =SUM(K14:K16) -> 498 | L13: =SUM(L14:L16) -> 322 | M13: =SUM(M14:M16) -> 179 | N13: =SUM(N14:N16) -> 184 | O13: =SUM(O14:O16) -> 807.75 | ... AJ13: =SUM(AJ14:AJ16) -> 74 | AL13: =SUM(AL14:AL16) -> 1052 | AM13: =SUM(AM14:AM16) -> 764.65719 | AN13: =SUM(AN14:AN16) -> 1442 | AO13: =SUM(AO14:AO16) -> 1183 | AP13: =SUM(AP14:AP16) -> 1338.75 | AQ13: =SUM(AQ14:AQ16) -> 1884 | AR13: =SUM(AR14:AR16) -> 1219 | AS13: =SUM(AS14:AS16) -> 1713 | ... AU13: =SUM(AU14:AU16) -> 323
A14: Real Estate | B14: Incorporadora | C14: Unit | D14: Unidade | E14: LançamentosUnidades lançadasSão Paulo | F14: =IF(Menu!$G$10="English",A14,B14) -> Incorporadora | G14: =IF(Menu!$G$10="English",C14,D14) -> Unidade | H14: 581 | I14: 615 | J14: 725 | K14: 153 | L14: 82 | M14: 179 | N14: 184 | O14: 475.75 | P14: 49 | Q14: 62 | R14: 420 | S14: 120 | T14: 275 | U14: 73 | V14: 112 | W14: 452 | X14: 0 | Y14: 286 | Z14: 0 | AA14: 164 | AB14: 0 | AC14: 467 | AD14: 61 | AE14: 0 | AF14: 209 | AG14: 143 | AH14: 433 | AI14: 57 | AJ14: 74 | AL14: =H14 -> 581 | AM14: =I14 -> 615 | AN14: =J14 -> 725 | AO14: =SUM(K14:N14) -> 598 | AP14: =SUM(O14:R14) -> 1006.75 | AQ14: =SUM(S14:V14) -> 580 | AR14: =SUM(W14:Z14) -> 738 | AS14: =AA14+AB14+AC14+AD14 -> 692 | AT14: =AE14+AF14+AG14+AH14 -> 785 | AU14: =SUM(AI14:AJ14) -> 131
A15: Lot development | B15: Urbanizadora | C15: Unit | D15: Unidade | E15: LançamentosUnidades lançadasRio de Janeiro | F15: =IF(Menu!$G$10="English",A15,B15) -> Urbanizadora | G15: =IF(Menu!$G$10="English",C15,D15) -> Unidade | H15: 471 | I15: 149.65719 | J15: 517 | K15: 345 | L15: 0 | M15: 0 | N15: 0 | O15: 332 | P15: 0 | Q15: 0 | R15: 0 | S15: 299 | T15: 0 | U15: 127 | V15: 558 | W15: 0 | X15: 0 | Y15: 144 | Z15: 337 | AA15: 0 | AB15: 0 | AC15: 0 | AD15: 882 | AE15: 0 | AF15: 0 | AG15: 0 | AH15: 0 | AI15: 0 | AJ15: 0 | AL15: =H15 -> 471 | AM15: =I15 -> 149.65719 | AN15: =J15 -> 517 | AO15: =SUM(K15:N15) -> 345 | AP15: =SUM(O15:R15) -> 332 | AQ15: =SUM(S15:V15) -> 984 | AR15: =SUM(W15:Z15) -> 481 | AS15: =AA15+AB15+AC15+AD15 -> 882 | AT15: =AE15+AF15+AG15+AH15 -> 0 | AU15: =SUM(AI15:AJ15) -> 0
A16: Open | B16: Open | C16: Unit | D16: Unidade | E16: LançamentosUnidades lançadasRio Grande do Sul | F16: =IF(Menu!$G$10="English",A16,B16) -> Open | G16: =IF(Menu!$G$10="English",C16,D16) -> Unidade | H16: 0 | I16: 0 | J16: 200 | K16: 0 | L16: 240 | M16: 0 | N16: 0 | O16: 0 | P16: 0 | Q16: 0 | R16: 0 | S16: 160 | T16: 160 | U16: 0 | V16: 0 | W16: 0 | X16: 0 | Y16: 0 | Z16: 0 | AA16: 0 | AB16: 0 | AC16: 0 | AD16: 139 | AE16: 0 | AF16: 0 | AG16: 150 | AH16: 564 | AI16: 192 | AJ16: 0 | AL16: =H16 -> 0 | AM16: =I16 -> 0 | AN16: =J16 -> 200 | AO16: =SUM(K16:N16) -> 240 | AP16: =SUM(O16:R16) -> 0 | AQ16: =SUM(S16:V16) -> 320 | AR16: =SUM(W16:Z16) -> 0 | AS16: =AA16+AB16+AC16+AD16 -> 139 | AT16: =AE16+AF16+AG16+AH16 -> 714 | AU16: =SUM(AI16:AJ16) -> 192
A18: PSV of units launched (total) | B18: VGV das unidades lançadas (total) | C18: R$ thousands | D18: R$ milhares | F18: =IF(Menu!$G$10="English",A18,B18) -> VGV das unidades lançadas (total) | G18: =IF(Menu!$G$10="English",C18,D18) -> R$ milhares | H18: =SUM(H19:H21) -> 379011.24 | I18: =SUM(I19:I21) -> 500309.04 | J18: =SUM(J19:J21) -> 759578.09 | K18: =SUM(K19:K21) -> 147914.57 | L18: =SUM(L19:L21) -> 332458 | M18: =SUM(M19:M21) -> 90689 | N18: =SUM(N19:N21) -> 115170 | O18: =SUM(O19:O21) -> 470487.4 | ... AJ18: =SUM(AJ19:AJ21) -> 121908.19 | AL18: =SUM(AL19:AL21) -> 379011.24 | AM18: =SUM(AM19:AM21) -> 500309.04 | AN18: =SUM(AN19:AN21) -> 759578.09 | AO18: =SUM(AO19:AO21) -> 686231.57 | AP18: =SUM(AP19:AP21) -> 1109281.5 | AQ18: =SUM(AQ19:AQ21) -> 1270166.5 | AR18: =SUM(AR19:AR21) -> 1190850.8 | AS18: =SUM(AS19:AS21) -> 1520090.6 | ... AU18: =SUM(AU19:AU21) -> 370462.26
A19: Real Estate | B19: Incorporadora | C19: R$ thousands | D19: R$ milhares | E19: LançamentosVGV TotalSão Paulo | F19: =IF(Menu!$G$10="English",A19,B19) -> Incorporadora | G19: =IF(Menu!$G$10="English",C19,D19) -> R$ milhares | H19: 272389.69 | I19: 434012.3 | J19: 655162.09 | K19: 69762.935 | L19: 290563 | M19: 90689 | N19: 115170 | O19: 392766.26 | P19: 134105.11 | Q19: 247397 | R19: 257292 | S19: 426266.35 | T19: 185144 | U19: 196464 | V19: 62258.4 | W19: 559369.06 | X19: 0 | Y19: 351991 | Z19: 0 | AA19: 673604.72 | AB19: 0 | AC19: 283246.43 | AD19: 122052 | AE19: 0 | AF19: 402422 | AG19: 86207 | AH19: 366605 | AI19: 190194 | AJ19: 121908.19 | AL19: =H19 -> 272389.69 | AM19: =I19 -> 434012.3 | AN19: =J19 -> 655162.09 | AO19: =SUM(K19:N19) -> 566184.93 | AP19: =SUM(O19:R19) -> 1031560.4 | AQ19: =SUM(S19:V19) -> 870132.75 | AR19: =SUM(W19:Z19) -> 911360.06 | AS19: =AA19+AB19+AC19+AD19 -> 1078903.1 | AT19: =AE19+AF19+AG19+AH19 -> 855234 | AU19: =SUM(AI19:AJ19) -> 312102.19
A20: Lot development | B20: Urbanizadora | C20: R$ thousands | D20: R$ milhares | E20: LançamentosVGV TotalRio de Janeiro | F20: =IF(Menu!$G$10="English",A20,B20) -> Urbanizadora | G20: =IF(Menu!$G$10="English",C20,D20) -> R$ milhares | H20: 106621.55 | I20: 66296.735 | J20: 69476 | K20: 78151.637 | L20: 0 | M20: 0 | N20: 0 | O20: 77721.138 | P20: 0 | Q20: 0 | R20: 0 | S20: 109783.38 | T20: 0 | U20: 86761 | V20: =45125+88012.4 -> 133137.4 | W20: 0 | X20: 0 | Y20: 100340.28 | Z20: 179150.45 | AA20: 0 | AB20: 0 | AC20: 0 | AD20: 355731 | AE20: 0 | AF20: 0 | AG20: 0 | AH20: 0 | AI20: 0 | AJ20: 0 | AL20: =H20 -> 106621.55 | AM20: =I20 -> 66296.735 | AN20: =J20 -> 69476 | AO20: =SUM(K20:N20) -> 78151.637 | AP20: =SUM(O20:R20) -> 77721.138 | AQ20: =SUM(S20:V20) -> 329681.78 | AR20: =SUM(W20:Z20) -> 279490.73 | AS20: =AA20+AB20+AC20+AD20 -> 355731 | AT20: =AE20+AF20+AG20+AH20 -> 0 | AU20: =SUM(AI20:AJ20) -> 0
A21: Open | B21: Open | C21: R$ thousands | D21: R$ milhares | E21: LançamentosVGV TotalRio Grande do Sul | F21: =IF(Menu!$G$10="English",A21,B21) -> Open | G21: =IF(Menu!$G$10="English",C21,D21) -> R$ milhares | H21: 0 | I21: 0 | J21: 34940 | K21: 0 | L21: 41895 | M21: 0 | N21: 0 | O21: 0 | P21: 0 | Q21: 0 | R21: 0 | S21: 42400 | T21: 27952 | U21: 0 | V21: 0 | W21: 0 | X21: 0 | Y21: 0 | Z21: 0 | AA21: 0 | AB21: 0 | AC21: 42728.25 | AD21: 42728.25 | AE21: 0 | AF21: 0 | AG21: 42558.543 | AH21: 168973.59 | AI21: 58360.066 | AJ21: 0 | AL21: =H21 -> 0 | AM21: =I21 -> 0 | AN21: =J21 -> 34940 | AO21: =SUM(K21:N21) -> 41895 | AP21: =SUM(O21:R21) -> 0 | AQ21: =SUM(S21:V21) -> 70352 | AR21: =SUM(W21:Z21) -> 0 | AS21: =AA21+AB21+AC21+AD21 -> 85456.5 | AT21: =AE21+AF21+AG21+AH21 -> 211532.13 | AU21: =SUM(AI21:AJ21) -> 58360.066
A23: PSV of units launched (Melnick) | B23: VGV das unidades lançadas (Melnick) | C23: R$ thousands | D23: R$ milhares | F23: =IF(Menu!$G$10="English",A23,B23) -> VGV das unidades lançadas (Melnick) | G23: =IF(Menu!$G$10="English",C23,D23) -> R$ milhares | H23: =SUM(H24:H26) -> 267068.92 | I23: =SUM(I24:I26) -> 420795.71 | J23: =SUM(J24:J26) -> 589074.22 | K23: =SUM(K24:K26) -> 81348.6 | L23: =SUM(L24:L26) -> 244582.94 | M23: =SUM(M24:M26) -> 86154.55 | N23: =SUM(N24:N26) -> 88339 | O23: =SUM(O24:O26) -> 334920.59 | ... AJ23: =SUM(AJ24:AJ26) -> 114594 | AL23: =SUM(AL24:AL26) -> 267068.92 | AM23: =SUM(AM24:AM26) -> 420795.71 | AN23: =SUM(AN24:AN26) -> 589074.22 | AO23: =SUM(AO24:AO26) -> 500425.09 | AP23: =SUM(AP24:AP26) -> 808024.52 | AQ23: =SUM(AQ24:AQ26) -> 611386.15 | AR23: =SUM(AR24:AR26) -> 731842.31 | AS23: =SUM(AS24:AS26) -> 1093560.4 | ... AU23: =SUM(AU24:AU26) -> 328075.66
A24: Real Estate | B24: Incorporadora | C24: R$ thousands | D24: R$ milhares | E24: LançamentosVGV parte EvenSão Paulo | F24: =IF(Menu!$G$10="English",A24,B24) -> Incorporadora | G24: =IF(Menu!$G$10="English",C24,D24) -> R$ milhares | H24: 226829.74 | I24: 402448.79 | J24: 536716.62 | K24: 49716 | L24: 204751.34 | M24: 86154.55 | N24: 88339 | O24: 291338.64 | P24: 97763.675 | Q24: 162520.26 | R24: 212820 | S24: 201410.85 | T24: 85786 | U24: 136703 | V24: 50087 | W24: 432287 | X24: 0 | Y24: 218943.09 | Z24: 0 | AA24: 617160.62 | AB24: 0 | AC24: 189429.91 | AD24: 106526 | AE24: 0 | AF24: 355275 | AG24: 81034.46 | AH24: 297814 | AI24: 157456 | AJ24: 114594 | AL24: =H24 -> 226829.74 | AM24: =I24 -> 402448.79 | AN24: =J24 -> 536716.62 | AO24: =SUM(K24:N24) -> 428960.89 | AP24: =SUM(O24:R24) -> 764442.57 | AQ24: =SUM(S24:V24) -> 473986.85 | AR24: =SUM(W24:Z24) -> 651230.09 | AS24: =AA24+AB24+AC24+AD24 -> 913116.53 | AT24: =AE24+AF24+AG24+AH24 -> 734123.46 | AU24: =SUM(AI24:AJ24) -> 272050
A25: Lot development | B25: Urbanizadora | C25: R$ thousands | D25: R$ milhares | E25: LançamentosVGV parte EvenRio de Janeiro | F25: =IF(Menu!$G$10="English",A25,B25) -> Urbanizadora | G25: =IF(Menu!$G$10="English",C25,D25) -> R$ milhares | H25: 40239.177 | I25: 18346.924 | J25: 19164.6 | K25: 31632.6 | L25: 0 | M25: 0 | N25: 0 | O25: 43581.947 | P25: 0 | Q25: 0 | R25: 0 | S25: 25644.3 | T25: 0 | U25: 18654 | V25: =13989+12278 -> 26267 | W25: 0 | X25: 0 | Y25: 23329.115 | Z25: 57283.106 | AA25: 0 | AB25: 0 | AC25: 0 | AD25: 109284 | AE25: 0 | AF25: 0 | AG25: 0 | AH25: 0 | AI25: 0 | AJ25: 0 | AL25: =H25 -> 40239.177 | AM25: =I25 -> 18346.924 | AN25: =J25 -> 19164.6 | AO25: =SUM(K25:N25) -> 31632.6 | AP25: =SUM(O25:R25) -> 43581.947 | AQ25: =SUM(S25:V25) -> 70565.3 | AR25: =SUM(W25:Z25) -> 80612.221 | AS25: =AA25+AB25+AC25+AD25 -> 109284 | AT25: =AE25+AF25+AG25+AH25 -> 0 | AU25: =SUM(AI25:AJ25) -> 0
A26: Open | B26: Open | C26: R$ thousands | D26: R$ milhares | E26: LançamentosVGV parte EvenRio Grande do Sul | F26: =IF(Menu!$G$10="English",A26,B26) -> Open | G26: =IF(Menu!$G$10="English",C26,D26) -> R$ milhares | H26: 0 | I26: 0 | J26: 33193 | K26: 0 | L26: 39831.6 | M26: 0 | N26: 0 | O26: 0 | P26: 0 | Q26: 0 | R26: 0 | S26: 40280 | T26: 26554 | U26: 0 | V26: 0 | W26: 0 | X26: 0 | Y26: 0 | Z26: 0 | AA26: 0 | AB26: 0 | AC26: 35936.435 | AD26: 35223.387 | AE26: 0 | AF26: 0 | AG26: 38327 | AH26: 157286.4 | AI26: 56025.663 | AJ26: 0 | AL26: =H26 -> 0 | AM26: =I26 -> 0 | AN26: =J26 -> 33193 | AO26: =SUM(K26:N26) -> 39831.6 | AP26: =SUM(O26:R26) -> 0 | AQ26: =SUM(S26:V26) -> 66834 | AR26: =SUM(W26:Z26) -> 0 | AS26: =AA26+AB26+AC26+AD26 -> 71159.822 | AT26: =AE26+AF26+AG26+AH26 -> 195613.4 | AU26: =SUM(AI26:AJ26) -> 56025.663
A29: OPERATIONALS & FINANCIALS | SALES | B29: OPERACIONAIS & FINANCEIROS | VENDAS | F29: =IF(Menu!$G$10="English",A29,B29) -> OPERACIONAIS & FINANCEIROS | VENDAS
A30: Items | B30: Itens | C30: Unit | D30: Unidade | F30: =IF(Menu!$G$10="English",A30,B30) -> Itens | G30: =G7 -> Unidade | H30: =H7 -> 2017 | I30: =I7 -> 2018 | J30: =J7 -> 2019 | K30: =IF(Menu!$G$10="PORTUGUÊS","1T20","1Q20") -> 1T20 | L30: =IF(Menu!$G$10="PORTUGUÊS","2T20","2Q20") -> 2T20 | M30: =IF(Menu!$G$10="PORTUGUÊS","3T20","3Q20") -> 3T20 | N30: =IF(Menu!$G$10="PORTUGUÊS","4T20","4Q20") -> 4T20 | O30: =IF(Menu!$G$10="PORTUGUÊS","1T21","1Q21") -> 1T21 | P30: =IF(Menu!$G$10="PORTUGUÊS","2T21","2Q21") -> 2T21 | Q30: =IF(Menu!$G$10="PORTUGUÊS","3T21","3Q21") -> 3T21 | R30: =IF(Menu!$G$10="PORTUGUÊS","4T21","4Q21") -> 4T21 | S30: =IF(Menu!$G$10="PORTUGUÊS","1T22","1Q22") -> 1T22 | T30: =IF(Menu!$G$10="PORTUGUÊS","2T22","2Q22") -> 2T22 | U30: =IF(Menu!$G$10="PORTUGUÊS","3T22","3Q22") -> 3T22 | V30: =IF(Menu!$G$10="PORTUGUÊS","4T22","4Q22") -> 4T22 | W30: =IF(Menu!$G$10="PORTUGUÊS","1T23","1Q23") -> 1T23 | X30: =IF(Menu!$G$10="PORTUGUÊS","2T23","2Q23") -> 2T23 | Y30: =IF(Menu!$G$10="PORTUGUÊS","3T23","3Q23") -> 3T23 | Z30: =IF(Menu!$G$10="PORTUGUÊS","4T23","4Q23") -> 4T23 | AA30: =IF(Menu!$G$10="PORTUGUÊS","1T24","1Q24") -> 1T24 | AB30: =IF(Menu!$G$10="PORTUGUÊS","2T24","2Q24") -> 2T24 | AC30: =IF(Menu!$G$10="PORTUGUÊS","3T24","3Q24") -> 3T24 | AD30: =IF(Menu!$G$10="PORTUGUÊS","4T24","4Q24") -> 4T24 | AE30: =$AE$7 -> 1T25 | AF30: =IF(Menu!$G$10="PORTUGUÊS","2T25","2Q25") -> 2T25 | AG30: =IF(Menu!$G$10="PORTUGUÊS","3T25","3Q25") -> 3T25 | AH30: =IF(Menu!$G$10="PORTUGUÊS","4T25","4Q25") -> 4T25 | AI30: =IF(Menu!$G$10="PORTUGUÊS","1T26","1Q26") -> 1T26 | AJ30: =IF(Menu!$G$10="PORTUGUÊS","2T26","2Q26") -> 2T26 | AL30: =AL7 -> 2017 | AM30: =AM7 -> 2018 | AN30: =AN7 -> 2019 | AO30: =AO7 -> 2020 | AP30: =AP7 -> 2021 | AQ30: =AQ7 -> 2022 | AR30: 2023 | AS30: 2024 | AT30: 2025 | AU30: =AU7 -> 2026
A31: PSV ouf units sold (total) | B31: VGV das unidades vendidas (total) | C31: R$ thousands | D31: R$ milhares | F31: =IF(Menu!$G$10="English",A31,B31) -> VGV das unidades vendidas (total) | G31: =IF(Menu!$G$10="English",C31,D31) -> R$ milhares | H31: =SUM(H32,H36) -> 341594.79 | I31: =SUM(I32,I36) -> 471684.79 | J31: =SUM(J32,J36) -> 576264 | K31: =SUM(K32,K36) -> 103572.98 | L31: =SUM(L32,L36) -> 233671.96 | M31: =SUM(M32,M36) -> 134693 | N31: =SUM(N32,N36) -> 36658.1 | O31: =SUM(O32,O36) -> 142493.63 | ... AJ31: =SUM(AJ32,AJ36) -> 101821.42 | AL31: =SUM(AL32,AL36) -> 341594.79 | AM31: =SUM(AM32,AM36) -> 471684.79 | AN31: =SUM(AN32,AN36) -> 576264 | AO31: =SUM(AO32,AO36) -> 508596.04 | AP31: =SUM(AP32,AP36) -> 541308.82 | AQ31: =SUM(AQ32,AQ36) -> 865284.16 | AR31: =SUM(AR32,AR36) -> 1036713.3 | AS31: =SUM(AS32,AS36) -> 1083145.6 | ... AU31: =SUM(AU32,AU36) -> 422664.34
A32: Launch | B32: Lançamento | C32: R$ thousands | D32: R$ milhares | F32: =IF(Menu!$G$10="English",A32,B32) -> Lançamento | G32: =IF(Menu!$G$10="English",C32,D32) -> R$ milhares | H32: =SUM(H33:H35) -> 210249.7 | I32: =SUM(I33:I35) -> 231637.78 | J32: =SUM(J33:J35) -> 340220 | K32: =SUM(K33:K35) -> 55839.134 | L32: =SUM(L33:L35) -> 152796 | M32: =SUM(M33:M35) -> 33394 | N32: =SUM(N33:N35) -> 13763.8 | O32: =SUM(O33:O35) -> 131467.59 | ... AJ32: =SUM(AJ33:AJ35) -> 17516.18 | AL32: =SUM(AL33:AL35) -> 210249.7 | AM32: =SUM(AM33:AM35) -> 231637.78 | AN32: =SUM(AN33:AN35) -> 340220 | AO32: =SUM(AO33:AO35) -> 255792.93 | AP32: =SUM(AP33:AP35) -> 247180.53 | AQ32: =SUM(AQ33:AQ35) -> 375330.15 | AR32: =SUM(AR33:AR35) -> 379021.47 | AS32: =SUM(AS33:AS35) -> 662009.17 | ... AU32: =SUM(AU33:AU35) -> 99630.024
A33: Real Estate | B33: Incorporadora | C33: R$ thousands | D33: R$ milhares | E33: Vendas LíquidasVendas Total Lançamentos RegiãoSão Paulo | F33: =IF(Menu!$G$10="English",A33,B33) -> Incorporadora | G33: =IF(Menu!$G$10="English",C33,D33) -> R$ milhares | H33: 196159.03 | I33: 229203.61 | J33: 299905 | K33: 19739.951 | L33: 147348 | M33: 33394 | N33: 13763.8 | O33: 58831.012 | P33: 11627.251 | Q33: 38678.944 | R33: 65406.747 | S33: 79626.028 | T33: 83263.739 | U33: 38194.926 | V33: 34554.739 | W33: 161543.73 | X33: 0 | Y33: 107611.01 | Z33: 0 | AA33: 219570.12 | AB33: 0 | AC33: 129814.07 | AD33: 32948.801 | AE33: 0 | AF33: 110390.83 | AG33: 32428.972 | AH33: 135164.28 | AI33: 62955.409 | AJ33: 17516.18 | AL33: =H33 -> 196159.03 | AM33: =I33 -> 229203.61 | AN33: =J33 -> 299905 | AO33: =SUM(K33:N33) -> 214245.75 | AP33: =SUM(O33:R33) -> 174543.95 | AQ33: =SUM(S33:V33) -> 235639.43 | AR33: =SUM(W33:Z33) -> 269154.74 | AS33: =AA33+AB33+AC33+AD33 -> 382332.99 | AT33: =AE33+AF33+AG33+AH33 -> 277984.07 | AU33: =SUM(AI33:AJ33) -> 80471.588
A34: Lot development | B34: Urbanizadora | C34: R$ thousands | D34: R$ milhares | E34: Vendas LíquidasVendas Total Lançamentos RegiãoRio de Janeiro | F34: =IF(Menu!$G$10="English",A34,B34) -> Urbanizadora | G34: =IF(Menu!$G$10="English",C34,D34) -> R$ milhares | H34: 14090.668 | I34: 2434.1652 | J34: 19421 | K34: 36099.183 | L34: 0 | M34: 0 | N34: 0 | O34: 72636.578 | P34: 0 | Q34: 0 | R34: 0 | S34: 73492.928 | T34: 0 | U34: 25531.35 | V34: 30058.742 | W34: 0 | X34: 0 | Y34: 14042.6 | Z34: 95824.138 | AA34: 0 | AB34: 0 | AC34: 0 | AD34: 268097.2 | AE34: 0 | AF34: 0 | AG34: 0 | AH34: 0 | AI34: 0 | AJ34: 0 | AL34: =H34 -> 14090.668 | AM34: =I34 -> 2434.1652 | AN34: =J34 -> 19421 | AO34: =SUM(K34:N34) -> 36099.183 | AP34: =SUM(O34:R34) -> 72636.578 | AQ34: =SUM(S34:V34) -> 129083.02 | AR34: =SUM(W34:Z34) -> 109866.74 | AS34: =AA34+AB34+AC34+AD34 -> 268097.2 | AT34: =AE34+AF34+AG34+AH34 -> 0 | AU34: =SUM(AI34:AJ34) -> 0
A35: Open | B35: Open | C35: R$ thousands | D35: R$ milhares | E35: Vendas LíquidasVendas Total Lançamentos RegiãoRio Grande do Sul | F35: =IF(Menu!$G$10="English",A35,B35) -> Open | G35: =IF(Menu!$G$10="English",C35,D35) -> R$ milhares | H35: 0 | I35: 0 | J35: 20894 | K35: 0 | L35: 5447.9974 | M35: 0 | N35: 0 | O35: 0 | P35: 0 | Q35: 0 | R35: 0 | S35: 6113.275 | T35: 4494.424 | U35: 0 | V35: 0 | W35: 0 | X35: 0 | Y35: 0 | Z35: 0 | AA35: 0 | AB35: 0 | AC35: 0 | AD35: 11578.975 | AE35: 0 | AF35: 0 | AG35: 25073.136 | AH35: 82663.332 | AI35: 19158.436 | AJ35: 0 | AL35: =H35 -> 0 | AM35: =I35 -> 0 | AN35: =J35 -> 20894 | AO35: =SUM(K35:N35) -> 5447.9974 | AP35: =SUM(O35:R35) -> 0 | AQ35: =SUM(S35:V35) -> 10607.699 | AR35: =SUM(W35:Z35) -> 0 | AS35: =AA35+AB35+AC35+AD35 -> 11578.975 | AT35: =AE35+AF35+AG35+AH35 -> 107736.47 | AU35: =SUM(AI35:AJ35) -> 19158.436
A36: Inventory | B36: Remanescente | C36: R$ thousands | D36: R$ milhares | F36: =IF(Menu!$G$10="English",A36,B36) -> Remanescente | G36: =IF(Menu!$G$10="English",C36,D36) -> R$ milhares | H36: =SUM(H37:H39) -> 131345.09 | I36: =SUM(I37:I39) -> 240047.02 | J36: =SUM(J37:J39) -> 236044 | K36: =SUM(K37:K39) -> 47733.844 | L36: =SUM(L37:L39) -> 80875.964 | M36: =SUM(M37:M39) -> 101299 | N36: =SUM(N37:N39) -> 22894.3 | O36: =SUM(O37:O39) -> 11026.038 | ... AJ36: =SUM(AJ37:AJ39) -> 84305.242 | AL36: =SUM(AL37:AL39) -> 131345.09 | AM36: =SUM(AM37:AM39) -> 240047.02 | AN36: =SUM(AN37:AN39) -> 236044 | AO36: =SUM(AO37:AO39) -> 252803.11 | AP36: =SUM(AP37:AP39) -> 294128.29 | AQ36: =SUM(AQ37:AQ39) -> 489954 | AR36: =SUM(AR37:AR39) -> 657691.88 | AS36: =SUM(AS37:AS39) -> 421136.45 | ... AU36: =SUM(AU37:AU39) -> 323034.31
A37: Real Estate | B37: Incorporadora | C37: R$ thousands | D37: R$ milhares | E37: Vendas LíquidasVendas Total Remanescentes RegiãoSão Paulo | F37: =IF(Menu!$G$10="English",A37,B37) -> Incorporadora | G37: =IF(Menu!$G$10="English",C37,D37) -> R$ milhares | H37: 116351.54 | I37: 219268.24 | J37: 215116 | K37: 34703.518 | L37: 74065 | M37: 77388 | N37: 386.3 | O37: -3126.3863 | P37: 96218.622 | Q37: 40665.615 | R37: 120273.95 | S37: 15375.825 | T37: 241907.9 | U37: 105804.56 | V37: 70864.145 | W37: 188854.77 | X37: 112667.98 | Y37: 103362.92 | Z37: 186446.3 | AA37: 172092.54 | AB37: 56736.587 | AC37: 17779.591 | AD37: 149118.44 | AE37: 140276.65 | AF37: 214034.73 | AG37: 79805.506 | AH37: 103511.53 | AI37: 214628.73 | AJ37: 52662.885 | AL37: =H37 -> 116351.54 | AM37: =I37 -> 219268.24 | AN37: =J37 -> 215116 | AO37: =SUM(K37:N37) -> 186542.82 | AP37: =SUM(O37:R37) -> 254031.8 | AQ37: =SUM(S37:V37) -> 433952.43 | AR37: =SUM(W37:Z37) -> 591331.97 | AS37: =AA37+AB37+AC37+AD37 -> 395727.16 | AT37: =AE37+AF37+AG37+AH37 -> 537628.4 | AU37: =SUM(AI37:AJ37) -> 267291.61
A38: Lot development | B38: Urbanizadora | C38: R$ thousands | D38: R$ milhares | E38: Vendas LíquidasVendas Total Remanescentes RegiãoRio de Janeiro | F38: =IF(Menu!$G$10="English",A38,B38) -> Urbanizadora | G38: =IF(Menu!$G$10="English",C38,D38) -> R$ milhares | H38: 14993.551 | I38: 20778.778 | J38: 20928 | K38: 3484.5447 | L38: 2811 | M38: 18246 | N38: 19005 | O38: 9576.0544 | P38: 2462.9604 | Q38: 8197.1943 | R38: 2319.1146 | S38: -2177.7332 | T38: 344.06732 | U38: 2490.8907 | V38: 10414.806 | W38: 10285.223 | X38: 12718.922 | Y38: 9740.5777 | Z38: 7822.714 | AA38: 15475.528 | AB38: 8464.8422 | AC38: 18607.376 | AD38: -46326.91 | AE38: 17080.874 | AF38: 2231.329 | AG38: 5694.8835 | AH38: 1556.4656 | AI38: -275.27846 | AJ38: -3849.6529 | AL38: =H38 -> 14993.551 | AM38: =I38 -> 20778.778 | AN38: =J38 -> 20928 | AO38: =SUM(K38:N38) -> 43546.545 | AP38: =SUM(O38:R38) -> 22555.324 | AQ38: =SUM(S38:V38) -> 11072.031 | AR38: =SUM(W38:Z38) -> 40567.436 | AS38: =AA38+AB38+AC38+AD38 -> -3779.1639 | AT38: =AE38+AF38+AG38+AH38 -> 26563.552 | AU38: =SUM(AI38:AJ38) -> -4124.9313
A39: Open | B39: Open | C39: R$ thousands | D39: R$ milhares | E39: Vendas LíquidasVendas Total Remanescentes RegiãoRio Grande do Sul | F39: =IF(Menu!$G$10="English",A39,B39) -> Open | G39: =IF(Menu!$G$10="English",C39,D39) -> R$ milhares | H39: 0 | I39: 0 | J39: 0 | K39: 9545.7806 | L39: 3999.9643 | M39: 5665 | N39: 3503 | O39: 4576.3701 | P39: 5944.1758 | Q39: 1975.0002 | R39: 5045.6169 | S39: 2897.7329 | T39: 16310.691 | U39: 13533.752 | V39: 12187.362 | W39: 16354.644 | X39: 8722.0251 | Y39: -1784.0134 | Z39: 2499.8087 | AA39: -1004.0058 | AB39: 343.48161 | AC39: 24749.507 | AD39: 5099.4759 | AE39: 6944.2452 | AF39: 9982.3808 | AG39: 9652.2092 | AH39: 8755.1508 | AI39: 24375.621 | AJ39: 35492.01 | AL39: =H39 -> 0 | AM39: =I39 -> 0 | AN39: =J39 -> 0 | AO39: =SUM(K39:N39) -> 22713.745 | AP39: =SUM(O39:R39) -> 17541.163 | AQ39: =SUM(S39:V39) -> 44929.539 | AR39: =SUM(W39:Z39) -> 25792.465 | AS39: =AA39+AB39+AC39+AD39 -> 29188.458 | AT39: =AE39+AF39+AG39+AH39 -> 35333.986 | AU39: =SUM(AI39:AJ39) -> 59867.631
AP40: =SUM(O40:R40) -> 0
A41: PSV ouf units sold (Melnick) | B41: VGV das unidades vendidas (Melnick) | C41: R$ thousands | D41: R$ milhares | F41: =IF(Menu!$G$10="English",A41,B41) -> VGV das unidades vendidas (Melnick) | G41: =IF(Menu!$G$10="English",C41,D41) -> R$ milhares | H41: =SUM(H42,H46) -> 318198.32 | I41: =SUM(I42,I46) -> 456980.28 | J41: =SUM(J42,J46) -> 545423 | K41: =SUM(K42,K46) -> 83978.989 | L41: =SUM(L42,L46) -> 230663.96 | M41: =SUM(M42,M46) -> 126392.36 | N41: =SUM(N42,N46) -> 31455.8 | O41: =SUM(O42,O46) -> 109592.46 | ... AJ41: =SUM(AJ42,AJ46) -> 107685.15 | AL41: =SUM(AL42,AL46) -> 318198.32 | AM41: =SUM(AM42,AM46) -> 456980.28 | AN41: =SUM(AN42,AN46) -> 545423 | AO41: =SUM(AO42,AO46) -> 472491.11 | AP41: =SUM(AP42,AP46) -> 491232.68 | AQ41: =SUM(AQ42,AQ46) -> 646714.34 | AR41: =SUM(AR42,AR46) -> 809375.82 | AS41: =SUM(AS42,AS46) -> 837064.64 | ... AU41: =SUM(AU42,AU46) -> 407983.6
A42: Launch | B42: Lançamento | C42: R$ thousands | D42: R$ milhares | F42: =IF(Menu!$G$10="English",A42,B42) -> Lançamento | G42: =IF(Menu!$G$10="English",C42,D42) -> R$ milhares | H42: =SUM(H43:H45) -> 149380.29 | I42: =SUM(I43:I45) -> 230372.01 | J42: =SUM(J43:J45) -> 329117 | K42: =SUM(K43:K45) -> 41399.461 | L42: =SUM(L43:L45) -> 152796 | M42: =SUM(M43:M45) -> 33394 | N42: =SUM(N43:N45) -> 13763.8 | O42: =SUM(O43:O45) -> 102412.96 | ... AJ42: =SUM(AJ43:AJ45) -> 17516.18 | AL42: =SUM(AL43:AL45) -> 149380.29 | AM42: =SUM(AM43:AM45) -> 230372.01 | AN42: =SUM(AN43:AN45) -> 329117 | AO42: =SUM(AO43:AO45) -> 241353.26 | AP42: =SUM(AP43:AP45) -> 213643.18 | AQ42: =SUM(AQ43:AQ45) -> 215589.3 | AR42: =SUM(AR43:AR45) -> 264995.88 | AS42: =SUM(AS43:AS45) -> 491867.23 | ... AU42: =SUM(AU43:AU45) -> 99630.024
A43: Real Estate | B43: Incorporadora | C43: R$ thousands | D43: R$ milhares | E43: Vendas LíquidasVendas Lançamentos RegiãoSão Paulo | F43: =IF(Menu!$G$10="English",A43,B43) -> Incorporadora | G43: =IF(Menu!$G$10="English",C43,D43) -> R$ milhares | H43: 142609.25 | I43: 229203.61 | J43: 299905 | K43: 19739.951 | L43: 147348 | M43: 33394 | N43: 13763.8 | O43: 58831.012 | P43: 11627.251 | Q43: 34196.224 | R43: 65406.747 | S43: 39813.014 | T43: 41631.87 | U43: 38194.926 | V43: 34554.739 | W43: 125429.74 | X43: 0 | Y43: 87441.293 | Z43: 0 | AA43: 219570.12 | AB43: 0 | AC43: 120231.3 | AD43: 32948.801 | AE43: 0 | AF43: 110390.83 | AG43: 32428.972 | AH43: 135164.28 | AI43: 62955.409 | AJ43: 17516.18 | AL43: =H43 -> 142609.25 | AM43: =I43 -> 229203.61 | AN43: =J43 -> 299905 | AO43: =SUM(K43:N43) -> 214245.75 | AP43: =SUM(O43:R43) -> 170061.23 | AQ43: =SUM(S43:V43) -> 154194.55 | AR43: =SUM(W43:Z43) -> 212871.03 | AS43: =AA43+AB43+AC43+AD43 -> 372750.22 | AT43: =AE43+AF43+AG43+AH43 -> 277984.07 | AU43: =SUM(AI43:AJ43) -> 80471.588
A44: Lot development | B44: Urbanizadora | C44: R$ thousands | D44: R$ milhares | E44: Vendas LíquidasVendas Lançamentos RegiãoRio de Janeiro | F44: =IF(Menu!$G$10="English",A44,B44) -> Urbanizadora | G44: =IF(Menu!$G$10="English",C44,D44) -> R$ milhares | H44: 6771.0447 | I44: 1168.3993 | J44: 8318 | K44: 21659.51 | L44: 0 | M44: 0 | N44: 0 | O44: 43581.947 | P44: 0 | Q44: 0 | R44: 0 | S44: 25722.525 | T44: 0 | U44: 15318.81 | V44: 9745.7217 | W44: 0 | X44: 0 | Y44: 4212.7801 | Z44: 47912.069 | AA44: 0 | AB44: 0 | AC44: 0 | AD44: 107538.04 | AE44: 0 | AF44: 0 | AG44: 0 | AH44: 0 | AI44: 0 | AJ44: 0 | AL44: =H44 -> 6771.0447 | AM44: =I44 -> 1168.3993 | AN44: =J44 -> 8318 | AO44: =SUM(K44:N44) -> 21659.51 | AP44: =SUM(O44:R44) -> 43581.947 | AQ44: =SUM(S44:V44) -> 50787.056 | AR44: =SUM(W44:Z44) -> 52124.849 | AS44: =AA44+AB44+AC44+AD44 -> 107538.04 | AT44: =AE44+AF44+AG44+AH44 -> 0 | AU44: =SUM(AI44:AJ44) -> 0
A45: Open | B45: Open | C45: R$ thousands | D45: R$ milhares | E45: Vendas LíquidasVendas Lançamentos RegiãoRio Grande do Sul | F45: =IF(Menu!$G$10="English",A45,B45) -> Open | G45: =IF(Menu!$G$10="English",C45,D45) -> R$ milhares | I45: 0 | J45: 20894 | K45: 0 | L45: 5447.9974 | M45: 0 | N45: 0 | O45: 0 | P45: 0 | Q45: 0 | R45: 0 | S45: 6113.275 | T45: 4494.424 | U45: 0 | V45: 0 | W45: 0 | Z45: 0 | AA45: 0 | AB45: 0 | AC45: 0 | AD45: 11578.975 | AE45: 0 | AF45: 0 | AG45: 25073.136 | AH45: 82663.332 | AI45: 19158.436 | AJ45: 0 | AL45: =H45 -> 0 | AM45: =I45 -> 0 | AN45: =J45 -> 20894 | AO45: =SUM(K45:N45) -> 5447.9974 | AP45: =SUM(O45:R45) -> 0 | AQ45: =SUM(S45:V45) -> 10607.699 | AR45: =SUM(W45:Z45) -> 0 | AS45: =AA45+AB45+AC45+AD45 -> 11578.975 | AT45: =AE45+AF45+AG45+AH45 -> 107736.47 | AU45: =SUM(AI45:AJ45) -> 19158.436
A46: Inventory | B46: Remanescente | C46: R$ thousands | D46: R$ milhares | F46: =IF(Menu!$G$10="English",A46,B46) -> Remanescente | G46: =IF(Menu!$G$10="English",C46,D46) -> R$ milhares | H46: =SUM(H47:H49) -> 168818.03 | I46: =SUM(I47:I49) -> 226608.27 | J46: =SUM(J47:J49) -> 216306 | K46: =SUM(K47:K49) -> 42579.528 | L46: =SUM(L47:L49) -> 77867.964 | M46: =SUM(M47:M49) -> 92998.358 | N46: =SUM(N47:N49) -> 17692 | O46: =SUM(O47:O49) -> 7179.5049 | ... AJ46: =SUM(AJ47:AJ49) -> 90168.969 | AL46: =SUM(AL47:AL49) -> 168818.03 | AM46: =SUM(AM47:AM49) -> 226608.27 | AN46: =SUM(AN47:AN49) -> 216306 | AO46: =SUM(AO47:AO49) -> 231137.85 | AP46: =SUM(AP47:AP49) -> 277589.5 | AQ46: =SUM(AQ47:AQ49) -> 431125.03 | AR46: =SUM(AR47:AR49) -> 544379.94 | AS46: =SUM(AS47:AS49) -> 345197.41 | ... AU46: =SUM(AU47:AU49) -> 308353.58
A47: Real Estate | B47: Incorporadora | C47: R$ thousands | D47: R$ milhares | E47: Vendas LíquidasVendas Remanescentes RegiãoSão Paulo | F47: =IF(Menu!$G$10="English",A47,B47) -> Incorporadora | G47: =IF(Menu!$G$10="English",C47,D47) -> R$ milhares | H47: 161125.34 | I47: 214141 | J47: 203807 | K47: 31153.397 | L47: 72280 | M47: 76917.464 | N47: 1193 | O47: -3126.3863 | P47: 96218.622 | Q47: 40665.615 | R47: 113889.33 | S47: 13868.649 | T47: 222951.47 | U47: 82867.657 | V47: 62876.101 | W47: 159701.72 | X47: 97274.537 | Y47: 83314.334 | Z47: 162545.44 | AA47: 146981.81 | AB47: 57050.485 | AC47: 17490.198 | AD47: 103948.54 | AE47: 116286.66 | AF47: 203481.26 | AG47: 79344.059 | AH47: 97772.804 | AI47: 193808.04 | AJ47: 55777.296 | AL47: =H47 -> 161125.34 | AM47: =I47 -> 214141 | AN47: =J47 -> 203807 | AO47: =SUM(K47:N47) -> 181543.86 | AP47: =SUM(O47:R47) -> 247647.18 | AQ47: =SUM(S47:V47) -> 382563.88 | AR47: =SUM(W47:Z47) -> 502836.03 | AS47: =AA47+AB47+AC47+AD47 -> 325471.04 | AT47: =AE47+AF47+AG47+AH47 -> 496884.78 | AU47: =SUM(AI47:AJ47) -> 249585.34
A48: Lot development | B48: Urbanizadora | C48: R$ thousands | D48: R$ milhares | E48: Vendas LíquidasVendas Remanescentes RegiãoRio de Janeiro | F48: =IF(Menu!$G$10="English",A48,B48) -> Urbanizadora | G48: =IF(Menu!$G$10="English",C48,D48) -> R$ milhares | H48: 7692.6911 | I48: 12467.267 | J48: 12499 | K48: 1880.3501 | L48: 1588 | M48: 10416.059 | N48: 12996 | O48: 5729.5211 | P48: 1327.4054 | Q48: 4228.1446 | R48: 1116.0774 | S48: -1306.6399 | T48: 201.21248 | U48: 1502.9281 | V48: 3516.1235 | W48: 3802.7512 | X48: 5166.3172 | Y48: 4355.7685 | Z48: 2426.6065 | AA48: 6429.5974 | AB48: 3596.0039 | AC48: 5477.6068 | AD48: -24965.297 | AE48: 7113.8316 | AF48: 690.60533 | AG48: 931.99557 | AH48: 404.32042 | AI48: 0.94490519 | AJ48: -1100.3371 | AL48: =H48 -> 7692.6911 | AM48: =I48 -> 12467.267 | AN48: =J48 -> 12499 | AO48: =SUM(K48:N48) -> 26880.409 | AP48: =SUM(O48:R48) -> 12401.149 | AQ48: =SUM(S48:V48) -> 3913.6242 | AR48: =SUM(W48:Z48) -> 15751.443 | AS48: =AA48+AB48+AC48+AD48 -> -9462.0891 | AT48: =AE48+AF48+AG48+AH48 -> 9140.7529 | AU48: =SUM(AI48:AJ48) -> -1099.3922
A49: Open | B49: Open | C49: R$ thousands | D49: R$ milhares | E49: Vendas LíquidasVendas Remanescentes RegiãoRio Grande do Sul | F49: =IF(Menu!$G$10="English",A49,B49) -> Open | G49: =IF(Menu!$G$10="English",C49,D49) -> R$ milhares | I49: 0 | J49: 0 | K49: 9545.7806 | L49: 3999.9643 | M49: 5664.8347 | N49: 3503 | O49: 4576.3701 | P49: 5944.1758 | Q49: 1975.0002 | R49: 5045.6169 | S49: 2615.7287 | T49: 16310.691 | U49: 13533.752 | V49: 12187.362 | W49: 16354.644 | X49: 8722.0251 | Y49: -1784.0134 | Z49: 2499.8087 | AA49: -1004.0058 | AB49: 343.48161 | AC49: 24749.507 | AD49: 5099.4759 | AE49: 6944.2452 | AF49: 9982.3808 | AG49: 9652.2092 | AH49: 8755.1508 | AI49: 24375.621 | AJ49: 35492.01 | AL49: =H49 -> 0 | AM49: =I49 -> 0 | AN49: =J49 -> 0 | AO49: =SUM(K49:N49) -> 22713.58 | AP49: =SUM(O49:R49) -> 17541.163 | AQ49: =SUM(S49:V49) -> 44647.534 | AR49: =SUM(W49:Z49) -> 25792.465 | AS49: =AA49+AB49+AC49+AD49 -> 29188.458 | AT49: =AE49+AF49+AG49+AH49 -> 35333.986 | AU49: =SUM(AI49:AJ49) -> 59867.631
A51: Units sold | B51: Unidades vendidas | C51: Unit | D51: Unidade | F51: =IF(Menu!$G$10="English",A51,B51) -> Unidades vendidas | G51: =IF(Menu!$G$10="English",C51,D51) -> Unidade | H51: =SUM(H52:H54) -> 940 | I51: =SUM(I52:I54) -> 1078 | J51: =SUM(J52:J54) -> 1551 | K51: =SUM(K52:K54) -> 358 | L51: =SUM(L52:L54) -> 204 | M51: =SUM(M52:M54) -> 300 | N51: =SUM(N52:N54) -> 109 | O51: =SUM(O52:O54) -> 496 | ... AJ51: =SUM(AJ52:AJ54) -> 184 | AL51: =SUM(AL52:AL54) -> 940 | AM51: =SUM(AM52:AM54) -> 1078 | AN51: =SUM(AN52:AN54) -> 1551 | AO51: =SUM(AO52:AO54) -> 971 | AP51: =SUM(AP52:AP54) -> 1034 | AQ51: =SUM(AQ52:AQ54) -> 1616 | AR51: =SUM(AR52:AR54) -> 1742 | AS51: =SUM(AS52:AS54) -> 1876 | ... AU51: =SUM(AU52:AU54) -> 638
A52: Real Estate | B52: Incorporadora | C52: Unit | D52: Unidade | E52: Vendas LíquidasVendas Unidade RegiãoSão Paulo | F52: =IF(Menu!$G$10="English",A52,B52) -> Incorporadora | G52: =IF(Menu!$G$10="English",C52,D52) -> Unidade | H52: 619 | I52: 863 | J52: 1049 | K52: 109 | L52: 133 | M52: 171 | N52: -3 | O52: 92 | P52: 130 | Q52: 26 | R52: 242 | S52: 20 | T52: 426 | U52: 150 | V52: 126 | W52: 528 | X52: 173 | Y52: 180 | Z52: 167 | AA52: 272 | AB52: 44 | AC52: 231 | AD52: 238 | AE52: 67 | AF52: 266 | AG52: 155 | AH52: 224 | AI52: 310 | AJ52: 82 | AL52: =H52 -> 619 | AM52: =I52 -> 863 | AN52: =J52 -> 1049 | AO52: =SUM(K52:N52) -> 410 | AP52: =SUM(O52:R52) -> 490 | AQ52: =SUM(S52:V52) -> 722 | AR52: =SUM(W52:Z52) -> 1048 | AS52: =AA52+AB52+AC52+AD52 -> 785 | AT52: =AE52+AF52+AG52+AH52 -> 712 | AU52: =SUM(AI52:AJ52) -> 392
A53: Lot development | B53: Urbanizadora | C53: Unit | D53: Unidade | E53: Vendas LíquidasVendas Unidade RegiãoRio de Janeiro | F53: =IF(Menu!$G$10="English",A53,B53) -> Urbanizadora | G53: =IF(Menu!$G$10="English",C53,D53) -> Unidade | H53: 321 | I53: 215 | J53: 502 | K53: 195 | L53: 19 | M53: 98 | N53: 93 | O53: 379 | P53: -31 | Q53: 65 | R53: 34 | S53: 257 | T53: 2 | U53: 124 | V53: 236 | W53: 63 | X53: 61 | Y53: 168 | Z53: 300 | AA53: 89 | AB53: 58 | AC53: 82 | AD53: 711 | AE53: 42 | AF53: 5 | AG53: 12 | AH53: 16 | AI53: -8 | AJ53: -16 | AL53: =H53 -> 321 | AM53: =I53 -> 215 | AN53: =J53 -> 502 | AO53: =SUM(K53:N53) -> 405 | AP53: =SUM(O53:R53) -> 447 | AQ53: =SUM(S53:V53) -> 619 | AR53: =SUM(W53:Z53) -> 592 | AS53: =AA53+AB53+AC53+AD53 -> 940 | AT53: =AE53+AF53+AG53+AH53 -> 75 | AU53: =SUM(AI53:AJ53) -> -24
A54: Open | B54: Open | C54: Unit | D54: Unidade | E54: Vendas LíquidasVendas Unidade RegiãoRio Grande do Sul | F54: =IF(Menu!$G$10="English",A54,B54) -> Open | G54: =IF(Menu!$G$10="English",C54,D54) -> Unidade | H54: 0 | I54: 0 | J54: 0 | K54: 54 | L54: 52 | M54: 31 | N54: 19 | O54: 25 | P54: 33 | Q54: 11 | R54: 28 | S54: 46 | T54: 107 | U54: 65 | V54: 57 | W54: 71 | X54: 29 | Y54: -8 | Z54: 10 | AA54: -5 | AB54: 1 | AC54: 94 | AD54: 61 | AE54: 26 | AF54: 36 | AG54: 131 | AH54: 110 | AI54: 152 | AJ54: 118 | AL54: =H54 -> 0 | AM54: =I54 -> 0 | AN54: =J54 -> 0 | AO54: =SUM(K54:N54) -> 156 | AP54: =SUM(O54:R54) -> 97 | AQ54: =SUM(S54:V54) -> 275 | AR54: =SUM(W54:Z54) -> 102 | AS54: =AA54+AB54+AC54+AD54 -> 151 | AT54: =AE54+AF54+AG54+AH54 -> 303 | AU54: =SUM(AI54:AJ54) -> 270
A56: Sales speed | B56: VSO total | C56: % | D56: % | F56: =IF(Menu!$G$10="English",A56,B56) -> VSO total | G56: =IF(Menu!$G$10="English",C56,D56) -> % | H56: =H41/(610679.452203107+H23) -> 0.36251656 | I56: =I41/(H68+I23) -> 0.44980425 | J56: =J41/(I68+J23) -> 0.50284229 | K56: =K41/(J68+K23) -> 0.13418464 | L56: =L41/(K68+L23) -> 0.28802294 | M56: =M41/(L68+M23) -> 0.19910967 | N56: =N41/(M68+N23) -> 0.049280203 | O56: =O41/(N68+O23) -> 0.11329511 | P56: =P41/(O68+P23) -> 0.11506192 | ... AJ56: =AJ41/(AI68+AJ23) -> 0.072261873 | AL56: =AL41/(610679.452203107+AL23) -> 0.36251656 | AM56: =AM41/(AL68+AM23) -> 0.44980425 | AN56: =AN41/(AM68+AN23) -> 0.50284229 | AO56: =AO41/(AN68+AO23) -> 0.45217792 | AP56: =AP41/(AO68+AP23) -> 0.34103374 | AQ56: =AQ41/(AP68+AQ23) -> 0.38877284 | AR56: =AR41/(AQ68+AR23) -> 0.44440009 | AS56: =AS41/(AR68+AS23) -> 0.40896273 | AT56: =AT41/(AS68+AT23) -> 0.40895328 | AU56: =AU41/(AT68+AU23) -> 0.22756766
A57: Launch sales speed | B57: VSO de Lançamentos | C57: % | D57: % | E57: VSO Lançamento | F57: =IF(Menu!$G$10="English",A57,B57) -> VSO de Lançamentos | G57: =IF(Menu!$G$10="English",C57,D57) -> % | H57: =H42/(H23) -> 0.55933239 | I57: =I42/(I23) -> 0.54746758 | J57: =J42/(J23) -> 0.5587021 | K57: =K42/(K23) -> 0.50891424 | L57: =L42/(L23) -> 0.62472059 | M57: =M42/(M23) -> 0.38760576 | N57: =N42/(N23) -> 0.15580661 | O57: =O42/(O23) -> 0.30578281 | ... W57: =W42/(W23) -> 0.29015386 | X57: =IFERROR(X42/(X23),0) -> 0 | Y57: =IFERROR(Y42/(Y23),0) -> 0.37831031 | Z57: =IFERROR(Z42/(Z23),0) -> 0.83640837 | AA57: =IFERROR(AA42/(AA23),0) -> 0.35577468 | AB57: =IFERROR(AB42/(AB23),0) -> 0 | AC57: =IFERROR(AC42/(AC23),0) -> 0.53349269 | AD57: =IFERROR(AD42/(AD23),0) -> 0.60575931 | AE57: =IFERROR(AE42/(AE23),0) -> 0 | ... AJ57: =IFERROR(AJ42/(AJ23),0) -> 0.15285425 | AL57: =AL42/(AL23) -> 0.55933239 | AM57: =AM42/(AM23) -> 0.54746758 | AN57: =AN42/(AN23) -> 0.5587021 | AO57: =AO42/(AO23) -> 0.48229648 | AP57: =AP42/(AP23) -> 0.26440185 | AQ57: =AQ42/(AQ23) -> 0.35262379 | AR57: =AR42/(AR23) -> 0.36209424 | AS57: =AS42/(AS23) -> 0.44978517 | ... AU57: =AU42/(AU23) -> 0.30368002
A58: Inventory sales speed | B58: VSO de Estoque | C58: % | D58: % | E58: VSO Estoque | F58: =IF(Menu!$G$10="English",A58,B58) -> VSO de Estoque | G58: =IF(Menu!$G$10="English",C58,D58) -> % | H58: =H46/610679.452203107 -> 0.27644295 | I58: =I46/H68 -> 0.38075315 | J58: =J46/I68 -> 0.43644765 | K58: =K46/J68 -> 0.078199618 | L58: =L46/K68 -> 0.13998237 | M58: =M46/L68 -> 0.1695092 | N58: =N46/M68 -> 0.032169261 | O58: =O46/N68 -> 0.011352827 | P58: =P46/O68 -> 0.11464277 | ... AJ58: =AJ46/AI68 -> 0.06554821 | AL58: =AL46/610679.452203107 -> 0.27644295 | AM58: =AM46/AL68 -> 0.38075315 | AN58: =AN46/AM68 -> 0.43644765 | AO58: =AO46/AN68 -> 0.42449723 | AP58: =AP46/AO68 -> 0.43894746 | AQ58: =AQ46/AP68 -> 0.40977962 | AR58: =AR46/AQ68 -> 0.49969012 | AS58: =AS46/AR68 -> 0.36213103 | AT58: =AT46/AS68 -> 0.40483908 | AU58: =AU46/AT68 -> 0.21051968
A61: OPERATIONALS & FINANCIALS | INVENTORY | B61: OPERACIONAIS & FINANCEIROS | ESTOQUE | F61: =IF(Menu!$G$10="English",A61,B61) -> OPERACIONAIS & FINANCEIROS | ESTOQUE
A62: Items | B62: Itens | C62: Unit | D62: Unidade | F62: =IF(Menu!$G$10="English",A62,B62) -> Itens | G62: =G30 -> Unidade | H62: =H30 -> 2017 | I62: =I30 -> 2018 | J62: =J30 -> 2019 | K62: =IF(Menu!$G$10="PORTUGUÊS","1T20","1Q20") -> 1T20 | L62: =IF(Menu!$G$10="PORTUGUÊS","2T20","2Q20") -> 2T20 | M62: =IF(Menu!$G$10="PORTUGUÊS","3T20","3Q20") -> 3T20 | N62: =IF(Menu!$G$10="PORTUGUÊS","4T20","4Q20") -> 4T20 | O62: =IF(Menu!$G$10="PORTUGUÊS","1T21","1Q21") -> 1T21 | P62: =IF(Menu!$G$10="PORTUGUÊS","2T21","2Q21") -> 2T21 | Q62: =IF(Menu!$G$10="PORTUGUÊS","3T21","3Q21") -> 3T21 | R62: =IF(Menu!$G$10="PORTUGUÊS","4T21","4Q21") -> 4T21 | S62: =IF(Menu!$G$10="PORTUGUÊS","1T22","1Q22") -> 1T22 | T62: =IF(Menu!$G$10="PORTUGUÊS","2T22","2Q22") -> 2T22 | U62: =IF(Menu!$G$10="PORTUGUÊS","3T22","3Q22") -> 3T22 | V62: =IF(Menu!$G$10="PORTUGUÊS","4T22","4Q22") -> 4T22 | W62: =IF(Menu!$G$10="PORTUGUÊS","1T23","1Q23") -> 1T23 | X62: =IF(Menu!$G$10="PORTUGUÊS","2T23","2Q23") -> 2T23 | Y62: =IF(Menu!$G$10="PORTUGUÊS","3T23","3Q23") -> 3T23 | Z62: =IF(Menu!$G$10="PORTUGUÊS","4T23","4Q23") -> 4T23 | AA62: =IF(Menu!$G$10="PORTUGUÊS","1T24","1Q24") -> 1T24 | AB62: =IF(Menu!$G$10="PORTUGUÊS","2T24","2Q24") -> 2T24 | AC62: =IF(Menu!$G$10="PORTUGUÊS","3T24","3Q24") -> 3T24 | AD62: =IF(Menu!$G$10="PORTUGUÊS","4T24","4Q24") -> 4T24 | AE62: =$AE$7 -> 1T25 | AF62: =IF(Menu!$G$10="PORTUGUÊS","2T25","2Q25") -> 2T25 | AG62: =IF(Menu!$G$10="PORTUGUÊS","3T25","3Q25") -> 3T25 | AH62: =IF(Menu!$G$10="PORTUGUÊS","4T25","4Q25") -> 4T25 | AI62: =IF(Menu!$G$10="PORTUGUÊS","1T26","1Q26") -> 1T26 | AJ62: =IF(Menu!$G$10="PORTUGUÊS","2T26","2Q26") -> 2T26 | AL62: =AL30 -> 2017 | AM62: =AM30 -> 2018 | AN62: =AN30 -> 2019 | AO62: =AO30 -> 2020 | AP62: =AP30 -> 2021 | AQ62: =AQ30 -> 2022 | AR62: =AR30 -> 2023 | AS62: =AS30 -> 2024 | AT62: =AT30 -> 2025 | AU62: =AU7 -> 2026
A63: PSV of inventory units (total) | B63: VGV das unidades em estoque (total) | C63: R$ thousands | D63: R$ milhares | F63: =IF(Menu!$G$10="English",A63,B63) -> VGV das unidades em estoque (total) | G63: =IF(Menu!$G$10="English",C63,D63) -> R$ milhares | H63: =SUM(H64:H66) -> 667456 | I63: =SUM(I64:I66) -> 570059 | J63: =SUM(J64:J66) -> 601896 | K63: =SUM(K64:K66) -> 616979 | L63: =SUM(L64:L66) -> 607949.18 | M63: =SUM(M64:M66) -> 588899 | N63: =SUM(N64:N66) -> 664740 | O63: =SUM(O64:O66) -> 932575 | ... AJ63: =SUM(AJ64:AJ66) -> 1517680.1 | AL63: =SUM(AL64:AL66) -> 667456 | AM63: =SUM(AM64:AM66) -> 570059 | AN63: =SUM(AN64:AN66) -> 601896 | AO63: =SUM(AO64:AO66) -> 664740 | AP63: =SUM(AP64:AP66) -> 1086695 | AQ63: =SUM(AQ64:AQ66) -> 1339224.5 | AR63: =SUM(AR64:AR66) -> 1138465.7 | AS63: =SUM(AS64:AS66) -> 1510286.7 | ... AU63: =SUM(AU64:AU66) -> 1517680.1
A64: Real Estate | B64: Incorporadora | C64: R$ thousands | D64: R$ milhares | E64: EstoqueEstoque Total RegiãoSão Paulo | F64: =IF(Menu!$G$10="English",A64,B64) -> Incorporadora | G64: =IF(Menu!$G$10="English",C64,D64) -> R$ milhares | H64: 559967 | I64: 451496 | J64: 487762.12 | K64: =504031-K66 -> 499414.36 | L64: 465679.8 | M64: 469062 | N64: 562347 | O64: 840008 | P64: 867883.17 | Q64: 992166.19 | R64: 1013284.3 | S64: 1352015.3 | T64: 1199823.5 | U64: 1236821.1 | V64: 1188934.1 | W64: 1293425.2 | X64: 1067536 | Y64: 1170264.7 | Z64: 758897.84 | AA64: 1241741.2 | AB64: 1251393.8 | AC64: 1387360.1 | AD64: 1394661.8 | AE64: 1291682.8 | AF64: 1353497.9 | AG64: 1212423.6 | AH64: 1415592.4 | AI64: 1303050.5 | AJ64: 1360420.9 | AL64: =H64 -> 559967 | AM64: =I64 -> 451496 | AN64: =J64 -> 487762.12 | AO64: =SUM(N64) -> 562347 | AP64: =R64 -> 1013284.3 | AQ64: =V64 -> 1188934.1 | AR64: =Z64 -> 758897.84 | AS64: =AD64 -> 1394661.8 | AT64: =AH64 -> 1415592.4 | AU64: =AJ64 -> 1360420.9
A65: Lot development | B65: Urbanizadora | C65: R$ thousands | D65: R$ milhares | E65: EstoqueEstoque Total RegiãoRio de Janeiro | F65: =IF(Menu!$G$10="English",A65,B65) -> Urbanizadora | G65: =IF(Menu!$G$10="English",C65,D65) -> R$ milhares | H65: 107489 | I65: 118563 | J65: 100140 | K65: 112948 | L65: 107903.92 | M65: 90659 | N65: 74115 | O65: 67691 | P65: 66373.231 | Q65: 61213.306 | R65: 59807.356 | S65: 64107.331 | T65: 93138.192 | U65: 109653.17 | V65: 123800.89 | W65: 114869.64 | X65: 114493.79 | Y65: 125240.17 | Z65: 144257.99 | AA65: 126690.71 | AB65: 99840.121 | AC65: 87596.08 | AD65: 83372.67 | AE65: 70641.912 | AF65: 88424.629 | AG65: 91030.962 | AH65: 89808.599 | AI65: 100399.62 | AJ65: 94987.45 | AL65: =H65 -> 107489 | AM65: =I65 -> 118563 | AN65: =J65 -> 100140 | AO65: =SUM(N65) -> 74115 | AP65: =R65 -> 59807.356 | AQ65: =V65 -> 123800.89 | AR65: =Z65 -> 144257.99 | AS65: =AD65 -> 83372.67 | AT65: =AH65 -> 89808.599 | AU65: =AJ65 -> 94987.45
A66: Open | B66: Open | C66: R$ thousands | D66: R$ milhares | E66: EstoqueEstoque Total RegiãoRio Grande do Sul | F66: =IF(Menu!$G$10="English",A66,B66) -> Open | G66: =IF(Menu!$G$10="English",C66,D66) -> R$ milhares | J66: 13993.88 | K66: 4616.6407 | L66: 34365.462 | M66: 29178 | N66: 28278 | O66: 24876 | P66: 21623.136 | Q66: 20200.859 | R66: 13603.307 | S66: 44200.583 | T66: 54705.018 | U66: 39434.554 | V66: 26489.488 | W66: 11576.85 | X66: 2016.3419 | Y66: 3952.0537 | Z66: 235309.83 | AA66: 2490.7295 | AB66: 2394.3314 | AC66: 53131.095 | AD66: 32252.195 | AE66: 26418.807 | AF66: 17793.586 | AG66: 153317.12 | AH66: 99127.571 | AI66: 95899.476 | AJ66: 62271.768 | AL66: =H66 -> 0 | AM66: =I66 -> 0 | AN66: =J66 -> 13993.88 | AO66: =SUM(N66) -> 28278 | AP66: =R66 -> 13603.307 | AQ66: =V66 -> 26489.488 | AR66: =Z66 -> 235309.83 | AS66: =AD66 -> 32252.195 | AT66: =AH66 -> 99127.571 | AU66: =AJ66 -> 62271.768
A68: PSV of inventory units (Melnick) | B68: VGV das unidades em estoque (Melnick) | C68: R$ thousands | D68: R$ milhares | F68: =IF(Menu!$G$10="English",A68,B68) -> VGV das unidades em estoque (Melnick) | G68: =IF(Menu!$G$10="English",C68,D68) -> R$ milhares | H68: =SUM(H69:H71) -> 595157.96 | I68: =SUM(I69:I71) -> 495605.82 | J68: =SUM(J69:J71) -> 544497.9 | K68: =SUM(K69:K71) -> 556269.8 | L68: =SUM(L69:L71) -> 548633.1 | M68: =SUM(M69:M71) -> 549966 | N68: =SUM(N69:N71) -> 632398 | O68: =SUM(O69:O71) -> 902719 | ... AJ68: =SUM(AJ69:AJ71) -> 1392966.1 | AL68: =SUM(AL69:AL71) -> 595157.96 | AM68: =SUM(AM69:AM71) -> 495605.82 | AN68: =SUM(AN69:AN71) -> 544497.9 | AO68: =SUM(AO69:AO71) -> 632398 | AP68: =SUM(AP69:AP71) -> 1052090 | AQ68: =SUM(AQ69:AQ71) -> 1089435.1 | AR68: =SUM(AR69:AR71) -> 953238.98 | AS68: =SUM(AS69:AS71) -> 1337221.5 | ... AU68: =SUM(AU69:AU71) -> 1392966.1
A69: Real Estate | B69: Incorporadora | C69: R$ thousands | D69: R$ milhares | E69: EstoqueEstoque Even RegiãoSão Paulo | F69: =IF(Menu!$G$10="English",A69,B69) -> Incorporadora | G69: =IF(Menu!$G$10="English",C69,D69) -> R$ milhares | H69: 536654.29 | I69: 432846.82 | J69: 481822.41 | K69: 497212.96 | L69: 464971.5 | M69: 469062 | N69: 562347 | O69: 840008 | P69: 867883.17 | Q69: 977619.56 | R69: 1004661.3 | S69: 1175834.8 | T69: 987512.51 | U69: 1041292.8 | V69: 999806.43 | W69: 1132913.3 | X69: 947660.89 | Y69: 1037659.2 | Z69: 656686.14 | AA69: 1154138.9 | AB69: 1143722.2 | AC69: 1244947.4 | AD69: 1264796.7 | AE69: 1181610.6 | AF69: 1256443.3 | AG69: 1128367 | AH69: 1320622.7 | AI69: 1230920.7 | AJ69: 1283341 | AL69: =H69 -> 536654.29 | AM69: =I69 -> 432846.82 | AN69: =J69 -> 481822.41 | AO69: =SUM(N69) -> 562347 | AP69: =R69 -> 1004661.3 | AQ69: =V69 -> 999806.43 | AR69: =Z69 -> 656686.14 | AS69: =AD69 -> 1264796.7 | AT69: =AH69 -> 1320622.7 | AU69: =AJ69 -> 1283341
A70: Lot development | B70: Urbanizadora | C70: R$ thousands | D70: R$ milhares | E70: EstoqueEstoque Even RegiãoRio de Janeiro | F70: =IF(Menu!$G$10="English",A70,B70) -> Urbanizadora | G70: =IF(Menu!$G$10="English",C70,D70) -> R$ milhares | H70: 58503.665 | I70: 62759.002 | J70: 48681.609 | K70: 54440.2 | L70: 49296.135 | M70: 51726 | N70: 41773 | O70: 37835 | P70: 37103.39 | Q70: 34547.351 | R70: 33825.399 | S70: 36647.97 | T70: 52123.555 | U70: 60375.971 | V70: 63139.139 | W70: 59988.342 | X70: 60461.552 | Y70: 58535.777 | Z70: 69766.217 | AA70: 62236.605 | AB70: 48476.641 | AC70: 42791.387 | AD70: 40172.628 | AE70: 33914.798 | AF70: 43904.441 | AG70: 45248.927 | AH70: 44975.377 | AI70: 48792.83 | AJ70: 47353.369 | AL70: =H70 -> 58503.665 | AM70: =I70 -> 62759.002 | AN70: =J70 -> 48681.609 | AO70: =SUM(N70) -> 41773 | AP70: =R70 -> 33825.399 | AQ70: =V70 -> 63139.139 | AR70: =Z70 -> 69766.217 | AS70: =AD70 -> 40172.628 | AT70: =AH70 -> 44975.377 | AU70: =AJ70 -> 47353.369
A71: Open | B71: Open | C71: R$ thousands | D71: R$ milhares | E71: EstoqueEstoque Even RegiãoRio Grande do Sul | F71: =IF(Menu!$G$10="English",A71,B71) -> Open | G71: =IF(Menu!$G$10="English",C71,D71) -> R$ milhares | H71: 0 | I71: 0 | J71: 13993.88 | K71: 4616.6407 | L71: 34365.462 | M71: 29178 | N71: 28278 | O71: 24876 | P71: 21623.136 | Q71: 20200.859 | R71: 13603.307 | S71: 44200.583 | T71: 54705.018 | U71: 39434.554 | V71: 26489.488 | W71: 11576.85 | X71: 2016.3419 | Y71: 3952.0537 | Z71: 226786.62 | AA71: 2490.7295 | AB71: 2394.3314 | AC71: 53131.095 | AD71: 32252.195 | AE71: 26418.807 | AF71: 17793.586 | AG71: 139103.6 | AH71: 99127.571 | AI71: 95899.476 | AJ71: 62271.768 | AL71: =H71 -> 0 | AM71: =I71 -> 0 | AN71: =J71 -> 13993.88 | AO71: =SUM(N71) -> 28278 | AP71: =R71 -> 13603.307 | AQ71: =V71 -> 26489.488 | AR71: =Z71 -> 226786.62 | AS71: =AD71 -> 32252.195 | AT71: =AH71 -> 99127.571 | AU71: =AJ71 -> 62271.768
A73: PSV of complete inventory (Melnick) | B73: VGV das unidades prontas em estoque (Melnick) | C73: R$ thousands | D73: R$ milhares | F73: =IF(Menu!$G$10="English",A73,B73) -> VGV das unidades prontas em estoque (Melnick) | G73: =IF(Menu!$G$10="English",C73,D73) -> R$ milhares | H73: =SUM(H74:H76) -> 195603.68 | I73: =SUM(I74:I76) -> 158005.96 | J73: =SUM(J74:J76) -> 210517.92 | K73: =SUM(K74:K76) -> 180762.74 | L73: =SUM(L74:L76) -> 161100.37 | M73: =SUM(M74:M76) -> 162316.98 | N73: =SUM(N74:N76) -> 189121 | O73: =SUM(O74:O76) -> 198303 | ... AJ73: =SUM(AJ74:AJ76) -> 250501.53 | AL73: =SUM(AL74:AL76) -> 195603.68 | AM73: =SUM(AM74:AM76) -> 158005.96 | AN73: =SUM(AN74:AN76) -> 210517.92 | AO73: =SUM(AO74:AO76) -> 189121 | AP73: =SUM(AP74:AP76) -> 292950.6 | AQ73: =SUM(AQ74:AQ76) -> 341982.09 | AR73: =SUM(AR74:AR76) -> 299794.4 | AS73: =SUM(AS74:AS76) -> 295219.16 | ... AU73: =SUM(AU74:AU76) -> 250501.53
A74: Real Estate | B74: Incorporadora | C74: R$ thousands | D74: R$ milhares | E74: EstoqueEstoque Pronto Even RegiãoSão Paulo | F74: =IF(Menu!$G$10="English",A74,B74) -> Incorporadora | G74: =IF(Menu!$G$10="English",C74,D74) -> R$ milhares | H74: 185331.04 | I74: 133325.2 | J74: 186959.5 | K74: 172627.79 | L74: 135997.3 | M74: 142169.02 | N74: 170974 | O74: 179445 | P74: 212036.39 | Q74: 295949.87 | R74: 276687.94 | S74: 309623.6 | T74: 241965.16 | U74: 249999.63 | V74: 303929.94 | W74: 278309.76 | X74: 272849.56 | Y74: 289093.77 | Z74: 274709.37 | AA74: 267201.21 | AB74: 256114.94 | AC74: 239426.79 | AD74: 287370.4 | AE74: 294655.05 | AF74: 260690.93 | AG74: 221265.14 | AH74: 209767.37 | AI74: 171121.09 | AJ74: 221023.7 | AL74: =H74 -> 185331.04 | AM74: =I74 -> 133325.2 | AN74: =J74 -> 186959.5 | AO74: =SUM(N74) -> 170974 | AP74: =R74 -> 276687.94 | AQ74: =V74 -> 303929.94 | AR74: =Z74 -> 274709.37 | AS74: =AD74 -> 287370.4 | AT74: =AH74 -> 209767.37 | AU74: =AJ74 -> 221023.7
A75: Lot development | B75: Urbanizadora | C75: R$ thousands | D75: R$ milhares | E75: EstoqueEstoque Pronto Even RegiãoRio de Janeiro | F75: =IF(Menu!$G$10="English",A75,B75) -> Urbanizadora | G75: =IF(Menu!$G$10="English",C75,D75) -> R$ milhares | H75: 10272.64 | I75: 24680.758 | J75: 23558.418 | K75: 8134.9508 | L75: 25103.069 | M75: 20147.955 | N75: 18147 | O75: 18858 | P75: 17030.094 | Q75: 16238.933 | R75: 16262.668 | S75: 18492.815 | T75: 25386.379 | U75: 25502.587 | V75: 37827.84 | W75: 37000.302 | X75: 33692.742 | Y75: 24092.085 | Z75: 24500.477 | AA75: 21277.121 | AB75: 13087.861 | AC75: 9266.3573 | AD75: 6430.6859 | AE75: 5231.2622 | AF75: 9467.9341 | AG75: 16041.808 | AH75: 16314.787 | AI75: 22384.169 | AJ75: 29407.177 | AL75: =H75 -> 10272.64 | AM75: =I75 -> 24680.758 | AN75: =J75 -> 23558.418 | AO75: =SUM(N75) -> 18147 | AP75: =R75 -> 16262.668 | AQ75: =V75 -> 37827.84 | AR75: =Z75 -> 24500.477 | AS75: =AD75 -> 6430.6859 | AT75: =AH75 -> 16314.787 | AU75: =AJ75 -> 29407.177
A76: Open | B76: Open | C76: R$ thousands | D76: R$ milhares | E76: EstoqueEstoque Pronto Even RegiãoRio Grande do Sul | F76: =IF(Menu!$G$10="English",A76,B76) -> Open | G76: =IF(Menu!$G$10="English",C76,D76) -> R$ milhares | P76: 0 | Q76: 0 | R76: 0 | S76: 0 | T76: 24.718653 | U76: 248.50973 | V76: 224.30723 | W76: 1264.8447 | X76: 780.07017 | Y76: 1172.6727 | Z76: 584.55562 | AA76: 588.69862 | AB76: 1115.9467 | AC76: 1393.5213 | AD76: 1418.0704 | AE76: 1347.3343 | AF76: 830.80654 | AG76: 582.75357 | AH76: 350.73536 | AI76: 354.99722 | AJ76: 70.655638 | AL76: =H76 -> 0 | AM76: =I76 -> 0 | AN76: =J76 -> 0 | AO76: =SUM(N76) -> 0 | AP76: =R76 -> 0 | AQ76: =V76 -> 224.30723 | AR76: =Z76 -> 584.55562 | AS76: =AD76 -> 1418.0704 | AT76: =AH76 -> 350.73536 | AU76: =AJ76 -> 70.655638
A78: Inventory units | B78: Unidades em estoque | C78: Unit | D78: Unidade | F78: =IF(Menu!$G$10="English",A78,B78) -> Unidades em estoque | G78: =IF(Menu!$G$10="English",C78,D78) -> Unidade | H78: =SUM(H79:H81) -> 1722 | I78: =SUM(I79:I81) -> 1545 | J78: =SUM(J79:J81) -> 1742 | K78: =SUM(K79:K81) -> 1685 | L78: =SUM(L79:L81) -> 2117 | M78: =SUM(M79:M81) -> 1761 | N78: =SUM(N79:N81) -> 1841 | O78: =SUM(O79:O81) -> 2153 | ... AJ78: =SUM(AJ79:AJ81) -> 2020 | AL78: =SUM(AL79:AL81) -> 1722 | AM78: =SUM(AM79:AM81) -> 1545 | AN78: =SUM(AN79:AN81) -> 1742 | AO78: =SUM(AO79:AO81) -> 1841 | AP78: =SUM(AP79:AP81) -> 2151 | AQ78: =SUM(AQ79:AQ81) -> 2423 | AR78: =SUM(AR79:AR81) -> 2150 | AS78: =SUM(AS79:AS81) -> 1988 | ... AU78: =SUM(AU79:AU81) -> 2020
A79: Real Estate | B79: Incorporadora | C79: Unit | D79: Unidade | E79: EstoqueEstoque Const. Unidades RegiãoSão Paulo | F79: =IF(Menu!$G$10="English",A79,B79) -> Incorporadora | G79: =IF(Menu!$G$10="English",C79,D79) -> Unidade | H79: 895 | I79: 788 | J79: 861 | K79: 822 | L79: 1360 | M79: 747 | N79: 932 | O79: 1316 | P79: 1236 | Q79: 1272 | R79: 1451 | S79: 1548 | T79: 1395 | U79: 1319 | V79: 1305 | W79: 1227 | X79: 1080 | Y79: 1195 | Z79: 622 | AA79: 1151 | AB79: 1122 | AC79: 1191 | AD79: 1173 | AE79: 1118 | AF79: 1069 | AG79: 753 | AH79: 1369 | AI79: 1188 | AJ79: 1171 | AL79: =H79 -> 895 | AM79: =I79 -> 788 | AN79: =J79 -> 861 | AO79: =SUM(N79) -> 932 | AP79: =R79 -> 1451 | AQ79: =V79 -> 1305 | AR79: =Z79 -> 622 | AS79: =AD79 -> 1173 | AT79: =AH79 -> 1369 | AU79: =AJ79 -> 1171
A80: Lot development | B80: Urbanizadora | C80: Unit | D80: Unidade | E80: EstoqueEstoque Const. Unidades RegiãoRio de Janeiro | F80: =IF(Menu!$G$10="English",A80,B80) -> Urbanizadora | G80: =IF(Menu!$G$10="English",C80,D80) -> Unidade | H80: 827 | I80: 757 | J80: 881 | K80: 835 | L80: 757 | M80: 835 | N80: 743 | O80: 696 | P80: 720 | Q80: 663 | R80: 631 | S80: 674 | T80: 672 | U80: 673 | V80: 1004 | W80: 945 | X80: 870 | Y80: 855 | Z80: 890 | AA80: 801 | AB80: 738 | AC80: 659 | AD80: 679 | AE80: 641 | AF80: 639 | AG80: 629 | AH80: 611 | AI80: 621 | AJ80: 636 | AL80: =H80 -> 827 | AM80: =I80 -> 757 | AN80: =J80 -> 881 | AO80: =SUM(N80) -> 743 | AP80: =R80 -> 631 | AQ80: =V80 -> 1004 | AR80: =Z80 -> 890 | AS80: =AD80 -> 679 | AT80: =AH80 -> 611 | AU80: =AJ80 -> 636
A81: Open | B81: Open | C81: Unit | D81: Unidade | E81: EstoqueEstoque Const. Unidades RegiãoRio Grande do Sul | F81: =IF(Menu!$G$10="English",A81,B81) -> Open | G81: =IF(Menu!$G$10="English",C81,D81) -> Unidade | K81: 28 | M81: 179 | N81: 166 | O81: 141 | P81: 108 | Q81: 97 | R81: 69 | S81: 184 | T81: 236 | U81: 171 | V81: 114 | W81: 44 | X81: 8 | Y81: 16 | Z81: 638 | AA81: 11 | AB81: 10 | AC81: 78 | AD81: 136 | AE81: 110 | AF81: 74 | AG81: 496 | AH81: 353 | AI81: 332 | AJ81: 213 | AL81: =H81 -> 0 | AM81: =I81 -> 0 | AN81: =J81 -> 0 | AO81: =SUM(N81) -> 166 | AP81: =R81 -> 69 | AQ81: =V81 -> 114 | AR81: =Z81 -> 638 | AS81: =AD81 -> 136 | AT81: =AH81 -> 353 | AU81: =AJ81 -> 213
A83: Inventory units of complete projects | B83: Unidades prontas em estoque | C83: Unit | D83: Unidade | F83: =IF(Menu!$G$10="English",A83,B83) -> Unidades prontas em estoque | G83: =IF(Menu!$G$10="English",C83,D83) -> Unidade | H83: =SUM(H84:H86) -> 423 | I83: =SUM(I84:I86) -> 549 | J83: =SUM(J84:J86) -> 554 | K83: =SUM(K84:K86) -> 531 | L83: =SUM(L84:L86) -> 1149 | M83: =SUM(M84:M86) -> 684 | N83: =SUM(N84:N86) -> 753 | O83: =SUM(O84:O86) -> 774 | ... AJ83: =SUM(AJ84:AJ86) -> 882 | AL83: =SUM(AL84:AL86) -> 423 | AM83: =SUM(AM84:AM86) -> 549 | AN83: =SUM(AN84:AN86) -> 554 | AO83: =SUM(AO84:AO86) -> 753 | AP83: =SUM(AP84:AP86) -> 945 | AQ83: =SUM(AQ84:AQ86) -> 1051 | AR83: =SUM(AR84:AR86) -> 1096 | AS83: =SUM(AS84:AS86) -> 853 | ... AU83: =SUM(AU84:AU86) -> 882
A84: Real Estate | B84: Incorporadora | C84: Unit | D84: Unidade | E84: EstoqueEstoque Pronto Unidades RegiãoSão Paulo | F84: =IF(Menu!$G$10="English",A84,B84) -> Incorporadora | G84: =IF(Menu!$G$10="English",C84,D84) -> Unidade | H84: 423 | I84: 283 | J84: 383 | K84: 381 | L84: 749 | M84: 353 | N84: 424 | O84: 432 | P84: 482 | Q84: 655 | R84: 624 | S84: 697 | T84: 572 | U84: 583 | V84: 673 | W84: 637 | X84: 647 | Y84: 628 | Z84: 208 | AA84: 777 | AB84: 757 | AC84: 691 | AD84: 698 | AE84: 666 | AF84: 608 | AG84: 579 | AH84: 560 | AI84: 482 | AJ84: 525 | AL84: =H84 -> 423 | AM84: =I84 -> 283 | AN84: =J84 -> 383 | AO84: =SUM(N84) -> 424 | AP84: =R84 -> 624 | AQ84: =V84 -> 673 | AR84: =Z84 -> 208 | AS84: =AD84 -> 698 | AT84: =AH84 -> 560 | AU84: =AJ84 -> 525
A85: Lot development | B85: Urbanizadora | C85: Unit | D85: Unidade | E85: EstoqueEstoque Pronto Unidades RegiãoRio de Janeiro | F85: =IF(Menu!$G$10="English",A85,B85) -> Urbanizadora | G85: =IF(Menu!$G$10="English",C85,D85) -> Unidade | H85: 0 | I85: 266 | J85: 171 | K85: 150 | L85: 400 | M85: 331 | N85: 329 | O85: 342 | P85: 354 | Q85: 334 | R85: 321 | S85: 364 | T85: 360 | U85: 313 | V85: 377 | W85: 377 | X85: 340 | Y85: 280 | Z85: 281 | AA85: 248 | AB85: 209 | AC85: 157 | AD85: 149 | AE85: 145 | AF85: 143 | AG85: 287 | AH85: 274 | AI85: 304 | AJ85: 357 | AL85: =H85 -> 0 | AM85: =I85 -> 266 | AN85: =J85 -> 171 | AO85: =SUM(N85) -> 329 | AP85: =R85 -> 321 | AQ85: =V85 -> 377 | AR85: =Z85 -> 281 | AS85: =AD85 -> 149 | AT85: =AH85 -> 274 | AU85: =AJ85 -> 357
A86: Open | B86: Open | C86: Unit | D86: Unidade | E86: EstoqueEstoque Pronto Unidades RegiãoRio Grande do Sul | F86: =IF(Menu!$G$10="English",A86,B86) -> Open | G86: =IF(Menu!$G$10="English",C86,D86) -> Unidade | L86: 0 | M86: 0 | N86: 0 | O86: 0 | P86: 0 | Q86: 0 | R86: 0 | S86: 0 | T86: 0 | U86: 1 | V86: 1 | W86: 6 | X86: 4 | Y86: 6 | Z86: 607 | AA86: 3 | AB86: 5 | AC86: 6 | AD86: 6 | AE86: 5 | AF86: 3 | AG86: 2 | AH86: 1 | AI86: 1 | AJ86: 0 | AL86: =H86 -> 0 | AM86: =I86 -> 0 | AN86: =J86 -> 0 | AO86: =SUM(N86) -> 0 | AP86: =R86 -> 0 | AQ86: =V86 -> 1 | AR86: =Z86 -> 607 | AS86: =AD86 -> 6 | AT86: =AH86 -> 1 | AU86: =AJ86 -> 0
A88: Inventory projects | B88: Projetos com estoque | C88: Unit | D88: Unidade | F88: =IF(Menu!$G$10="English",A88,B88) -> Projetos com estoque | G88: =IF(Menu!$G$10="English",C88,D88) -> Unidade | H88: =SUM(H89:H91) -> 49 | I88: =SUM(I89:I91) -> 49 | J88: =SUM(J89:J91) -> 50 | K88: =SUM(K89:K91) -> 48 | L88: =SUM(L89:L91) -> 54 | M88: =SUM(M89:M91) -> 45 | N88: =SUM(N89:N91) -> 44 | O88: =SUM(O89:O91) -> 46 | ... AJ88: =SUM(AJ89:AJ91) -> 88.486 | AL88: =SUM(AL89:AL91) -> 49 | AM88: =SUM(AM89:AM91) -> 49 | AN88: =SUM(AN89:AN91) -> 50 | AO88: =SUM(AO89:AO91) -> 44 | AP88: =SUM(AP89:AP91) -> 43.75 | AQ88: =SUM(AQ89:AQ91) -> 60.166 | AR88: =SUM(AR89:AR91) -> 73.156 | AS88: =SUM(AS89:AS91) -> 75.486 | ... AU88: =SUM(AU89:AU91) -> 88.486
A89: Real Estate | B89: Incorporadora | C89: Unit | D89: Unidade | E89: EstoqueEstoque Const. Projetos RegiãoSão Paulo | F89: =IF(Menu!$G$10="English",A89,B89) -> Incorporadora | G89: =IF(Menu!$G$10="English",C89,D89) -> Unidade | H89: 41 | I89: 40 | J89: 39 | K89: =22+15 -> 37 | L89: 41 | M89: 32 | N89: 31 | O89: 33 | P89: 37 | Q89: 41 | R89: 35.75 | S89: 34.75 | T89: 35.5 | U89: 39 | V89: 41.166 | W89: 42 | X89: 42.156 | Y89: 47.156 | Z89: 47.156 | AA89: 48.166 | AB89: 48.166 | AC89: 51.166 | AD89: 52.166 | AE89: 52.166 | AF89: 54.166 | AG89: 56.166 | AH89: 56.166 | AI89: 59.166 | AJ89: 60.166 | AL89: =H89 -> 41 | AM89: =I89 -> 40 | AN89: =J89 -> 39 | AO89: =SUM(N89) -> 31 | AP89: =R89 -> 35.75 | AQ89: =V89 -> 41.166 | AR89: =Z89 -> 47.156 | AS89: =AD89 -> 52.166 | AT89: =AH89 -> 56.166 | AU89: =AJ89 -> 60.166
A90: Lot development | B90: Urbanizadora | C90: Unit | D90: Unidade | E90: EstoqueEstoque Const. Projetos RegiãoRio de Janeiro | F90: =IF(Menu!$G$10="English",A90,B90) -> Urbanizadora | G90: =IF(Menu!$G$10="English",C90,D90) -> Unidade | H90: 8 | I90: 9 | J90: 11 | K90: =5+6 -> 11 | L90: 13 | M90: 11 | N90: 11 | O90: 11 | P90: 10 | Q90: 9 | R90: 7 | S90: 11 | T90: 10 | U90: 13 | V90: 15 | W90: 15 | X90: 15 | Y90: 16 | Z90: 22 | AA90: 15.99 | AB90: 15.99 | AC90: 15.99 | AD90: 17.99 | AE90: 17.99 | AF90: 17.99 | AG90: 17.99 | AH90: 17.99 | AI90: 18.99 | AJ90: 18.99 | AL90: =H90 -> 8 | AM90: =I90 -> 9 | AN90: =J90 -> 11 | AO90: =SUM(N90) -> 11 | AP90: =R90 -> 7 | AQ90: =V90 -> 15 | AR90: =Z90 -> 22 | AS90: =AD90 -> 17.99 | AT90: =AH90 -> 17.99 | AU90: =AJ90 -> 18.99
A91: Open | B91: Open | C91: Unit | D91: Unidade | E91: EstoqueEstoque Const. Projetos RegiãoRio Grande do Sul | F91: =IF(Menu!$G$10="English",A91,B91) -> Open | G91: =IF(Menu!$G$10="English",C91,D91) -> Unidade | M91: 2 | N91: 2 | O91: 2 | P91: 2 | Q91: 2 | R91: 1 | S91: 2 | T91: 3 | U91: 3 | V91: 4 | W91: 4 | X91: 4 | Y91: 4 | Z91: 4 | AA91: 3.33 | AB91: 3.33 | AC91: 4.33 | AD91: 5.33 | AE91: 5.33 | AF91: 5.33 | AG91: 6.33 | AH91: 6.33 | AI91: 9.33 | AJ91: 9.33 | AL91: =H91 -> 0 | AM91: =I91 -> 0 | AN91: =J91 -> 0 | AO91: =SUM(N91) -> 2 | AP91: =R91 -> 1 | AQ91: =V91 -> 4 | AR91: =Z91 -> 4 | AS91: =AD91 -> 5.33 | AT91: =AH91 -> 6.33 | AU91: =AJ91 -> 9.33
A93: Inventory of complete projects | B93: Projetos prontos com estoque | C93: Unit | D93: Unidade | F93: =IF(Menu!$G$10="English",A93,B93) -> Projetos prontos com estoque | G93: =IF(Menu!$G$10="English",C93,D93) -> Unidade | H93: =SUM(H94:H96) -> 23 | I93: =SUM(I94:I96) -> 30 | J93: =SUM(J94:J96) -> 30 | K93: =SUM(K94:K96) -> 27 | L93: =SUM(L94:L96) -> 31 | M93: =SUM(M94:M96) -> 25 | N93: =SUM(N94:N96) -> 24 | O93: =SUM(O94:O96) -> 23 | ... AJ93: =SUM(AJ94:AJ96) -> 60.986 | AL93: =SUM(AL94:AL96) -> 23 | AM93: =SUM(AM94:AM96) -> 30 | AN93: =SUM(AN94:AN96) -> 30 | AO93: =SUM(AO94:AO96) -> 24 | AP93: =SUM(AP94:AP96) -> 22.083333 | AQ93: =SUM(AQ94:AQ96) -> 35.666 | AR93: =SUM(AR94:AR96) -> 41.666 | AS93: =SUM(AS94:AS96) -> 48.166 | ... AU93: =SUM(AU94:AU96) -> 60.986
A94: Real Estate | B94: Incorporadora | C94: Unit | D94: Unidade | E94: EstoqueEstoque Pronto Projetos RegiãoSão Paulo | F94: =IF(Menu!$G$10="English",A94,B94) -> Incorporadora | G94: =IF(Menu!$G$10="English",C94,D94) -> Unidade | H94: 23 | I94: 25 | J94: 25 | K94: 22 | L94: 24 | M94: 18 | N94: 17 | O94: 16 | P94: 19 | Q94: 23 | R94: 18.416667 | S94: 16.75 | T94: 16.5 | U94: 19 | V94: 24.666 | W94: 25.666 | X94: 26.666 | Y94: 27.666 | Z94: 29.666 | AA94: 31.166 | AB94: 31.166 | AC94: 32.166 | AD94: 35.166 | AE94: 37.166 | AF94: 38.166 | AG94: 38.166 | AH94: 38.166 | AI94: 38.166 | AJ94: 42.666 | AL94: =H94 -> 23 | AM94: =I94 -> 25 | AN94: =J94 -> 25 | AO94: =SUM(N94) -> 17 | AP94: =R94 -> 18.416667 | AQ94: =V94 -> 24.666 | AR94: =Z94 -> 29.666 | AS94: =AD94 -> 35.166 | AT94: =AH94 -> 38.166 | AU94: =AJ94 -> 42.666
A95: Lot development | B95: Urbanizadora | C95: Unit | D95: Unidade | E95: EstoqueEstoque Pronto Projetos RegiãoRio de Janeiro | F95: =IF(Menu!$G$10="English",A95,B95) -> Urbanizadora | G95: =IF(Menu!$G$10="English",C95,D95) -> Unidade | I95: 5 | J95: 5 | K95: 5 | L95: 7 | M95: 7 | N95: 7 | O95: 7 | P95: 6 | Q95: 5 | R95: 3.6666667 | S95: 6 | T95: 6 | U95: 9 | V95: 10 | W95: 10 | X95: 10 | Y95: 10 | Z95: 10 | AA95: 10 | AB95: 10 | AC95: 10 | AD95: 11 | AE95: 11 | AF95: 11 | AG95: 12 | AH95: 13 | AI95: 13.99 | AJ95: 14.99 | AL95: =H95 -> 0 | AM95: =I95 -> 5 | AN95: =J95 -> 5 | AO95: =SUM(N95) -> 7 | AP95: =R95 -> 3.6666667 | AQ95: =V95 -> 10 | AR95: =Z95 -> 10 | AS95: =AD95 -> 11 | AT95: =AH95 -> 13 | AU95: =AJ95 -> 14.99
A96: Open | B96: Open | C96: Unit | D96: Unidade | E96: EstoqueEstoque Pronto Projetos RegiãoRio Grande do Sul | F96: =IF(Menu!$G$10="English",A96,B96) -> Open | G96: =IF(Menu!$G$10="English",C96,D96) -> Unidade | P96: 0 | Q96: 0 | R96: 0 | S96: 0 | T96: 1 | U96: 1 | V96: 1 | W96: 2 | X96: 2 | Y96: 2 | Z96: 2 | AA96: 2 | AB96: 2 | AC96: 2 | AD96: 2 | AE96: 3.33 | AF96: 3.33 | AG96: 3.33 | AH96: 3 | AI96: 3.33 | AJ96: 3.33 | AL96: =H96 -> 0 | AM96: =I96 -> 0 | AN96: =J96 -> 0 | AO96: =SUM(N96) -> 0 | AP96: =R96 -> 0 | AQ96: =V96 -> 1 | AR96: =Z96 -> 2 | AS96: =AD96 -> 2 | AT96: =AH96 -> 3 | AU96: =AJ96 -> 3.33
A99: OPERATIONALS & FINANCIALS | LANDBANK | B99: OPERACIONAIS & FINANCEIROS | TERRENOS | F99: =IF(Menu!$G$10="English",A99,B99) -> OPERACIONAIS & FINANCEIROS | TERRENOS
A100: Items | B100: Itens | C100: Unit | D100: Unidade | F100: =IF(Menu!$G$10="English",A100,B100) -> Itens | G100: =G62 -> Unidade | H100: =H62 -> 2017 | I100: =I62 -> 2018 | J100: =J62 -> 2019 | K100: =IF(Menu!$G$10="PORTUGUÊS","1T20","1Q20") -> 1T20 | L100: =IF(Menu!$G$10="PORTUGUÊS","2T20","2Q20") -> 2T20 | M100: =IF(Menu!$G$10="PORTUGUÊS","3T20","3Q20") -> 3T20 | N100: =IF(Menu!$G$10="PORTUGUÊS","4T20","4Q20") -> 4T20 | O100: =IF(Menu!$G$10="PORTUGUÊS","1T21","1Q21") -> 1T21 | P100: =IF(Menu!$G$10="PORTUGUÊS","2T21","2Q21") -> 2T21 | Q100: =IF(Menu!$G$10="PORTUGUÊS","3T21","3Q21") -> 3T21 | R100: =IF(Menu!$G$10="PORTUGUÊS","4T21","4Q21") -> 4T21 | S100: =IF(Menu!$G$10="PORTUGUÊS","1T22","1Q22") -> 1T22 | T100: =IF(Menu!$G$10="PORTUGUÊS","2T22","2Q22") -> 2T22 | U100: =IF(Menu!$G$10="PORTUGUÊS","3T22","3Q22") -> 3T22 | V100: =IF(Menu!$G$10="PORTUGUÊS","4T22","4Q22") -> 4T22 | W100: =IF(Menu!$G$10="PORTUGUÊS","1T23","1Q23") -> 1T23 | X100: =IF(Menu!$G$10="PORTUGUÊS","2T23","2Q23") -> 2T23 | Y100: =IF(Menu!$G$10="PORTUGUÊS","3T23","3Q23") -> 3T23 | Z100: =IF(Menu!$G$10="PORTUGUÊS","4T23","4Q23") -> 4T23 | AA100: =IF(Menu!$G$10="PORTUGUÊS","1T24","1Q24") -> 1T24 | AB100: =IF(Menu!$G$10="PORTUGUÊS","2T24","2Q24") -> 2T24 | AC100: =IF(Menu!$G$10="PORTUGUÊS","3T24","3Q24") -> 3T24 | AD100: =IF(Menu!$G$10="PORTUGUÊS","4T24","4Q24") -> 4T24 | AE100: =$AE$7 -> 1T25 | AF100: =IF(Menu!$G$10="PORTUGUÊS","2T25","2Q25") -> 2T25 | AG100: =IF(Menu!$G$10="PORTUGUÊS","3T25","3Q25") -> 3T25 | AH100: =IF(Menu!$G$10="PORTUGUÊS","4T25","4Q25") -> 4T25 | AI100: =IF(Menu!$G$10="PORTUGUÊS","1T26","1Q26") -> 1T26 | AJ100: =IF(Menu!$G$10="PORTUGUÊS","2T26","2Q26") -> 2T26 | AL100: =AL62 -> 2017 | AM100: =AM62 -> 2018 | AN100: =AN62 -> 2019 | AO100: =AO62 -> 2020 | AP100: =AP62 -> 2021 | AQ100: =AQ62 -> 2022 | AR100: =AR62 -> 2023 | AS100: 2024 | AT100: 2025 | AU100: =AU7 -> 2026
A101: PSV of land acquisition (Melnick) | B101: VGV de aquisição de terrenos (Melnick) | C101: R$ thousands | D101: R$ milhares | F101: =IF(Menu!$G$10="English",A101,B101) -> VGV de aquisição de terrenos (Melnick) | G101: =IF(Menu!$G$10="English",C101,D101) -> R$ milhares | H101: =SUM(H102:H104) -> 1074960.3 | I101: =SUM(I102:I104) -> 1084088.1 | J101: =SUM(J102:J104) -> 327538.03 | K101: =SUM(K102:K104) -> 0 | L101: =SUM(L102:L104) -> 44294 | M101: =SUM(M102:M104) -> 0 | N101: =SUM(N102:N104) -> 249917 | O101: =SUM(O102:O104) -> 45712.868 | ... AJ101: =SUM(AJ102:AJ104) -> 188369.18 | AL101: =SUM(AL102:AL104) -> 1074960.3 | AM101: =SUM(AM102:AM104) -> 1084088.1 | AN101: =SUM(AN102:AN104) -> 327538.03 | AO101: =SUM(AO102:AO104) -> 294211 | AP101: =SUM(AP102:AP104) -> 1129190.5 | AQ101: =SUM(AQ102:AQ104) -> 822039.36 | AR101: =SUM(AR102:AR104) -> 656936.2 | AS101: =SUM(AS102:AS104) -> 452082.05 | ... AU101: =SUM(AU102:AU104) -> 188369.18
A102: Real Estate | B102: Incorporadora | C102: R$ thousands | D102: R$ milhares | E102: LandbankLandbank Aquisição EvenSão Paulo | F102: =IF(Menu!$G$10="English",A102,B102) -> Incorporadora | G102: =IF(Menu!$G$10="English",C102,D102) -> R$ milhares | H102: 950746.27 | I102: 875295.17 | J102: 312073.46 | K102: 0 | L102: 44294 | M102: 0 | N102: 249917 | O102: 45712.868 | P102: 308850.89 | Q102: 298137 | R102: 383216 | S102: 0 | T102: 593763.11 | U102: 0 | V102: 89024.441 | W102: 35935 | X102: 77637.168 | Y102: 0 | Z102: 0 | AA102: 0 | AB102: 0 | AC102: 109954.99 | AD102: 342127.06 | AE102: 341416.13 | AF102: 0 | AG102: 107221.47 | AH102: 211555.62 | AI102: 0 | AJ102: 0 | AL102: =H102 -> 950746.27 | AM102: =I102 -> 875295.17 | AN102: =J102 -> 312073.46 | AO102: =SUM(K102:N102) -> 294211 | AP102: =SUM(O102:R102) -> 1035916.8 | AQ102: =SUM(S102:V102) -> 682787.55 | AR102: =SUM(W102:Z102) -> 113572.17 | AS102: =AC102+AD102+AB102+AA102 -> 452082.05 | AT102: =AE102+AF102+AG102+AH102 -> 660193.22 | AU102: =SUM(AI102:AJ102) -> 0
A103: Lot development | B103: Urbanizadora | C103: R$ thousands | D103: R$ milhares | E103: LandbankLandbank Aquisição EvenRio de Janeiro | F103: =IF(Menu!$G$10="English",A103,B103) -> Urbanizadora | G103: =IF(Menu!$G$10="English",C103,D103) -> R$ milhares | H103: 124214.07 | I103: 208792.9 | J103: 15464.572 | K103: 0 | L103: 0 | M103: 0 | N103: 0 | O103: 0 | P103: 36366.659 | Q103: 0 | R103: 0 | S103: 0 | T103: 76756.806 | U103: 0 | V103: 62495 | W103: 88847 | X103: 194914.5 | Y103: 0 | Z103: 259602.54 | AA103: 0 | AB103: 0 | AC103: 0 | AD103: 0 | AE103: 0 | AF103: 0 | AG103: 52251.902 | AH103: 0 | AI103: 0 | AJ103: 74974.248 | AL103: =H103 -> 124214.07 | AM103: =I103 -> 208792.9 | AN103: =J103 -> 15464.572 | AO103: =SUM(K103:N103) -> 0 | AP103: =SUM(O103:R103) -> 36366.659 | AQ103: =SUM(S103:V103) -> 139251.81 | AR103: =SUM(W103:Z103) -> 543364.04 | AS103: =AC103+AD103+AB103+AA103 -> 0 | AT103: =AE103+AF103+AG103+AH103 -> 52251.902 | AU103: =SUM(AI103:AJ103) -> 74974.248
A104: Open | B104: Open | C104: R$ thousands | D104: R$ milhares | E104: LandbankLandbank Aquisição EvenRio Grande do Sul | F104: =IF(Menu!$G$10="English",A104,B104) -> Open | G104: =IF(Menu!$G$10="English",C104,D104) -> R$ milhares | H104: 0 | I104: 0 | J104: 0 | K104: 0 | L104: 0 | M104: 0 | N104: 0 | O104: 0 | P104: 37987.104 | Q104: 18920 | R104: 0 | S104: 0 | T104: 0 | U104: 0 | V104: 0 | W104: 0 | X104: 0 | Y104: 0 | Z104: 0 | AA104: 0 | AB104: 0 | AC104: 0 | AD104: 0 | AE104: 0 | AF104: 0 | AG104: 0 | AH104: 243981.98 | AI104: 0 | AJ104: 113394.93 | AL104: =H104 -> 0 | AM104: =I104 -> 0 | AN104: =J104 -> 0 | AO104: =SUM(K104:N104) -> 0 | AP104: =SUM(O104:R104) -> 56907.104 | AQ104: =SUM(S104:V104) -> 0 | AR104: =SUM(W104:Z104) -> 0 | AS104: =AC104+AD104+AB104+AA104 -> 0 | AT104: =AE104+AF104+AG104+AH104 -> 243981.98 | AU104: =SUM(AI104:AJ104) -> 113394.93
A106: Number of acquired land | B106: Número de terrenos adquiridos | C106: Unit | D106: Unidade | F106: =IF(Menu!$G$10="English",A106,B106) -> Número de terrenos adquiridos | G106: =IF(Menu!$G$10="English",C106,D106) -> Unidade | H106: =SUM(H107:H109) -> 10 | I106: =SUM(I107:I109) -> 11 | J106: =SUM(J107:J109) -> 6 | K106: =SUM(K107:K109) -> 0 | L106: =SUM(L107:L109) -> 1 | M106: =SUM(M107:M109) -> 0 | N106: =SUM(N107:N109) -> 2 | O106: =SUM(O107:O109) -> 1 | ... AJ106: =SUM(AJ107:AJ109) -> 2 | AL106: =SUM(AL107:AL109) -> 10 | AM106: =SUM(AM107:AM109) -> 11 | AN106: =SUM(AN107:AN109) -> 6 | AO106: =SUM(AO107:AO109) -> 3 | AP106: =SUM(AP107:AP109) -> 13 | AQ106: =SUM(AQ107:AQ109) -> 6 | AR106: =SUM(AR107:AR109) -> 12 | AS106: =SUM(AS107:AS109) -> 4 | ... AU106: =SUM(AU107:AU109) -> 2
A107: Real Estate | B107: Incorporadora | C107: Unit | D107: Unidade | E107: LandbankLandbank Aquisição NºSão Paulo | F107: =IF(Menu!$G$10="English",A107,B107) -> Incorporadora | G107: =IF(Menu!$G$10="English",C107,D107) -> Unidade | H107: 6 | I107: 7 | J107: 5 | L107: 1 | N107: 2 | O107: 1 | P107: 4 | Q107: 2 | R107: 3 | S107: 0 | T107: 3 | U107: 0 | V107: 1 | W107: 1 | X107: 1 | Y107: 0 | Z107: 0 | AA107: 0 | AB107: 0 | AC107: 1 | AD107: 3 | AE107: 2 | AF107: 0 | AG107: 1 | AH107: 1 | AI107: 0 | AJ107: 0 | AL107: =H107 -> 6 | AM107: =I107 -> 7 | AN107: =J107 -> 5 | AO107: =SUM(K107:N107) -> 3 | AP107: =SUM(O107:R107) -> 10 | AQ107: =SUM(S107:V107) -> 4 | AR107: =SUM(W107:Z107) -> 2 | AS107: =AC107+AD107+AB107+AA107 -> 4 | AT107: =AE107+AF107+AG107+AH107 -> 4 | AU107: =SUM(AI107:AJ107) -> 0
A108: Lot development | B108: Urbanizadora | C108: Unit | D108: Unidade | E108: LandbankLandbank Aquisição NºRio de Janeiro | F108: =IF(Menu!$G$10="English",A108,B108) -> Urbanizadora | G108: =IF(Menu!$G$10="English",C108,D108) -> Unidade | H108: 4 | I108: 4 | J108: 1 | P108: 1 | Q108: 0 | R108: 0 | S108: 0 | T108: 1 | U108: 0 | V108: 1 | W108: 3 | X108: 5 | Y108: 0 | Z108: 2 | AA108: 0 | AB108: 0 | AC108: 0 | AD108: 0 | AE108: 0 | AF108: 0 | AG108: 1 | AH108: 0 | AI108: 0 | AJ108: 1 | AL108: =H108 -> 4 | AM108: =I108 -> 4 | AN108: =J108 -> 1 | AO108: =SUM(K108:N108) -> 0 | AP108: =SUM(O108:R108) -> 1 | AQ108: =SUM(S108:V108) -> 2 | AR108: =SUM(W108:Z108) -> 10 | AS108: =AC108+AD108+AB108+AA108 -> 0 | AT108: =AE108+AF108+AG108+AH108 -> 1 | AU108: =SUM(AI108:AJ108) -> 1
A109: Open | B109: Open | C109: Unit | D109: Unidade | E109: LandbankLandbank Aquisição NºRio Grande do Sul | F109: =IF(Menu!$G$10="English",A109,B109) -> Open | G109: =IF(Menu!$G$10="English",C109,D109) -> Unidade | P109: 1 | Q109: 1 | R109: 0 | S109: 0 | T109: 0 | U109: 0 | V109: 0 | W109: 0 | X109: 0 | Y109: 0 | Z109: 0 | AA109: 0 | AB109: 0 | AC109: 0 | AD109: 0 | AE109: 0 | AF109: 0 | AG109: 0 | AH109: 1 | AI109: 0 | AJ109: 1 | AL109: =H109 -> 0 | AM109: =I109 -> 0 | AN109: =J109 -> 0 | AO109: =SUM(K109:N109) -> 0 | AP109: =SUM(O109:R109) -> 2 | AQ109: =SUM(S109:V109) -> 0 | AR109: =SUM(W109:Z109) -> 0 | AS109: =AC109+AD109+AB109+AA109 -> 0 | AT109: =AE109+AF109+AG109+AH109 -> 1 | AU109: =SUM(AI109:AJ109) -> 1
A111: PSV of landbank (Melnick) | B111: VGV do landbank (Melnick) | C111: R$ | D111: R$ | F111: =IF(Menu!$G$10="English",A111,B111) -> VGV do landbank (Melnick) | G111: =IF(Menu!$G$10="English",C111,D111) -> R$ | H111: =SUM(H112:H114) -> 2561590.9 | I111: =SUM(I112:I114) -> 3477597.1 | J111: =SUM(J112:J114) -> 3423361.3 | K111: =SUM(K112:K114) -> 3096866.9 | L111: =SUM(L112:L114) -> 2909776.6 | M111: =SUM(M112:M114) -> 3498307 | N111: =SUM(N112:N114) -> 3665116 | O111: =SUM(O112:O114) -> 3409762 | ... AJ111: =SUM(AJ112:AJ114) -> 3228767.6 | AL111: =SUM(AL112:AL114) -> 2561590.9 | AM111: =SUM(AM112:AM114) -> 3477597.1 | AN111: =SUM(AN112:AN114) -> 3423361.3 | AO111: =SUM(AO112:AO114) -> 3665116 | AP111: =SUM(AP112:AP114) -> 3781794.6 | AQ111: =SUM(AQ112:AQ114) -> 3736197.4 | AR111: =SUM(AR112:AR114) -> 3580948.2 | AS111: =SUM(AS112:AS114) -> 2959527.5 | ... AU111: =SUM(AU112:AU114) -> 3228767.6
A112: Real Estate | B112: Incorporadora | C112: R$ | D112: R$ milhares | E112: LandbankLandbank Even RegiãoSão Paulo | F112: =IF(Menu!$G$10="English",A112,B112) -> Incorporadora | G112: =IF(Menu!$G$10="English",C112,D112) -> R$ milhares | H112: 2314179.7 | I112: 3036273.1 | J112: 2979981 | K112: 2611061.5 | L112: 2362236.2 | M112: 2679445 | N112: 2846255 | O112: 2590901 | P112: 2822583.7 | Q112: 2973852 | R112: 3151747.9 | S112: 3001320 | T112: 3472163.3 | U112: 3402212.2 | V112: 3160690.8 | W112: 3095331.1 | X112: 3071267.4 | Y112: 2874392.8 | Z112: 2815055.9 | AA112: 2384809.4 | AB112: 1946740.2 | AC112: 1943122.8 | AD112: 2193635.2 | AE112: 2050272.4 | AF112: 1689147.8 | AG112: 1739059 | AH112: 1833350.9 | AI112: 1971210.3 | AJ112: 1856616.6 | AL112: =H112 -> 2314179.7 | AM112: =I112 -> 3036273.1 | AN112: =J112 -> 2979981 | AO112: =N112 -> 2846255 | AP112: =R112 -> 3151747.9 | AQ112: =V112 -> 3160690.8 | AR112: =Z112 -> 2815055.9 | AS112: =AD112 -> 2193635.2 | AT112: =AH112 -> 1833350.9 | AU112: =AJ112 -> 1856616.6
A113: Lot development | B113: Urbanizadora | C113: R$ | D113: R$ milhares | E113: LandbankLandbank Even RegiãoRio de Janeiro | F113: =IF(Menu!$G$10="English",A113,B113) -> Urbanizadora | G113: =IF(Menu!$G$10="English",C113,D113) -> R$ milhares | H113: 247411.27 | I113: 441324.08 | J113: 443380.34 | K113: 427915.76 | L113: 520986.01 | M113: 792308 | N113: 792307 | O113: 792307 | P113: 741209.17 | Q113: 741209.17 | R113: 546585.19 | S113: 516280 | T113: 593036.45 | U113: 568830.05 | V113: 575506.69 | W113: 1290909.1 | X113: 831037.4 | Y113: 817039.93 | Z113: 765892.25 | AA113: 765892.25 | AB113: 765892.25 | AC113: 765892.25 | AD113: 765892.25 | AE113: 765892.25 | AF113: 607431.45 | AG113: 660955.21 | AH113: 612508.15 | AI113: 612508.15 | AJ113: 673357.94 | AL113: =H113 -> 247411.27 | AM113: =I113 -> 441324.08 | AN113: =J113 -> 443380.34 | AO113: =N113 -> 792307 | AP113: =R113 -> 546585.19 | AQ113: =V113 -> 575506.69 | AR113: =Z113 -> 765892.25 | AS113: =AD113 -> 765892.25 | AT113: =AH113 -> 612508.15 | AU113: =AJ113 -> 673357.94
A114: Open | B114: Open | C114: R$ | D114: R$ milhares | E114: LandbankLandbank Even RegiãoRio Grande do Sul | F114: =IF(Menu!$G$10="English",A114,B114) -> Open | G114: =IF(Menu!$G$10="English",C114,D114) -> R$ milhares | K114: 57889.666 | L114: 26554.4 | M114: 26554 | N114: 26554 | O114: 26554 | P114: 64541.504 | Q114: 83461.504 | R114: 83461.504 | S114: 45470 | T114: 18920 | U114: 0 | V114: 0 | W114: 0 | X114: 0 | Y114: 0 | Z114: 0 | AA114: 0 | AB114: 0 | AC114: 0 | AD114: 0 | AE114: 484778.97 | AF114: 569135.18 | AG114: 503444.66 | AH114: 641423.78 | AI114: 585398.11 | AJ114: 698793.04 | AL114: =H114 -> 0 | AM114: =I114 -> 0 | AN114: =J114 -> 0 | AO114: =N114 -> 26554 | AP114: =R114 -> 83461.504 | AQ114: =V114 -> 0 | AR114: =Z114 -> 0 | AS114: =AD114 -> 0 | AT114: =AH114 -> 641423.78 | AU114: =AJ114 -> 698793.04
A116: Number of land plots or phases at landbank | B116: Número de terrenos ou fases no landbank | C116: Unit | D116: Unidade | F116: =IF(Menu!$G$10="English",A116,B116) -> Número de terrenos ou fases no landbank | G116: =IF(Menu!$G$10="English",C116,D116) -> Unidade | H116: =SUM(H117:H119) -> 35 | I116: =SUM(I117:I119) -> 43 | J116: =SUM(J117:J119) -> 42 | K116: =SUM(K117:K119) -> 36 | L116: =SUM(L117:L119) -> 37 | M116: =SUM(M117:M119) -> 36 | N116: =SUM(N117:N119) -> 37 | O116: =SUM(O117:O119) -> 34 | ... AJ116: =SUM(AJ117:AJ119) -> 26 | AL116: =SUM(AL117:AL119) -> 35 | AM116: =SUM(AM117:AM119) -> 43 | AN116: =SUM(AN117:AN119) -> 42 | AO116: =SUM(AO117:AO119) -> 37 | AP116: =SUM(AP117:AP119) -> 34 | AQ116: =SUM(AQ117:AQ119) -> 30 | AR116: =SUM(AR117:AR119) -> 35 | AS116: =SUM(AS117:AS119) -> 30 | ... AU116: =SUM(AU117:AU119) -> 26
A117: Real Estate | B117: Incorporadora | C117: Unit | D117: Unidade | E117: LandbankLandbank Nº RegiãoSão Paulo | F117: =IF(Menu!$G$10="English",A117,B117) -> Incorporadora | G117: =IF(Menu!$G$10="English",C117,D117) -> Unidade | H117: 24 | I117: 29 | J117: 29 | K117: 23 | L117: 24 | M117: 20 | N117: 21 | O117: 18 | P117: 21 | Q117: 21 | R117: 21 | S117: 21 | T117: 23 | U117: 22 | V117: 20 | W117: 20 | X117: 21 | Y117: 19 | Z117: 20 | AA117: 19 | AB117: 14 | AC117: 13 | AD117: 15 | AE117: 14 | AF117: 11 | AG117: 11 | AH117: 11 | AI117: 10 | AJ117: 9 | AL117: =H117 -> 24 | AM117: =I117 -> 29 | AN117: =J117 -> 29 | AO117: =N117 -> 21 | AP117: =R117 -> 21 | AQ117: =V117 -> 20 | AR117: =Z117 -> 20 | AS117: =AD117 -> 15 | AT117: =AH117 -> 11 | AU117: =AJ117 -> 9
A118: Lot development | B118: Urbanizadora | C118: Unit | D118: Unidade | E118: LandbankLandbank Nº RegiãoRio de Janeiro | F118: =IF(Menu!$G$10="English",A118,B118) -> Urbanizadora | G118: =IF(Menu!$G$10="English",C118,D118) -> Unidade | H118: 11 | I118: 14 | J118: 13 | K118: 12 | L118: 12 | M118: 15 | N118: 15 | O118: 15 | P118: 15 | Q118: 15 | R118: 10 | S118: 9 | T118: 10 | U118: 11 | V118: 10 | W118: 13 | X118: 18 | Y118: 17 | Z118: 15 | AA118: 15 | AB118: 15 | AC118: 15 | AD118: 15 | AE118: 15 | AF118: 13 | AG118: 14 | AH118: 13 | AI118: 13 | AJ118: 13 | AL118: =H118 -> 11 | AM118: =I118 -> 14 | AN118: =J118 -> 13 | AO118: =N118 -> 15 | AP118: =R118 -> 10 | AQ118: =V118 -> 10 | AR118: =Z118 -> 15 | AS118: =AD118 -> 15 | AT118: =AH118 -> 13 | AU118: =AJ118 -> 13
A119: Open | B119: Open | C119: Unit | D119: Unidade | E119: LandbankLandbank Nº RegiãoRio Grande do Sul | F119: =IF(Menu!$G$10="English",A119,B119) -> Open | G119: =IF(Menu!$G$10="English",C119,D119) -> Unidade | K119: 1 | L119: 1 | M119: 1 | N119: 1 | O119: 1 | P119: 2 | Q119: 3 | R119: 3 | S119: 2 | T119: 1 | U119: 0 | V119: 0 | W119: 0 | X119: 0 | Y119: 0 | Z119: 0 | AA119: 0 | AB119: 0 | AC119: 0 | AD119: 0 | AE119: 3 | AF119: 4 | AG119: 3 | AH119: 4 | AI119: 3 | AJ119: 4 | AL119: =H119 -> 0 | AM119: =I119 -> 0 | AN119: =J119 -> 0 | AO119: =N119 -> 1 | AP119: =R119 -> 3 | AQ119: =V119 -> 0 | AR119: =Z119 -> 0 | AS119: =AD119 -> 0 | AT119: =AH119 -> 4 | AU119: =AJ119 -> 4
A122: OPERATIONALS & FINANCIALS | ACTIVE CONSTRUCTION SITES | B122: OPERACIONAIS & FINANCEIROS | CANTEIROS DE OBRA ATIVOS | F122: =IF(Menu!$G$10="English",A122,B122) -> OPERACIONAIS & FINANCEIROS | CANTEIROS DE OBRA ATIVOS
A123: Items | B123: Itens | C123: Unit | D123: Unidade | F123: =IF(Menu!$G$10="English",A123,B123) -> Itens | G123: =G100 -> Unidade | H123: =H100 -> 2017 | I123: =I100 -> 2018 | J123: =J100 -> 2019 | K123: =IF(Menu!$G$10="PORTUGUÊS","1T20","1Q20") -> 1T20 | L123: =IF(Menu!$G$10="PORTUGUÊS","2T20","2Q20") -> 2T20 | M123: =IF(Menu!$G$10="PORTUGUÊS","3T20","3Q20") -> 3T20 | N123: =IF(Menu!$G$10="PORTUGUÊS","4T20","4Q20") -> 4T20 | O123: =IF(Menu!$G$10="PORTUGUÊS","1T21","1Q21") -> 1T21 | P123: =IF(Menu!$G$10="PORTUGUÊS","2T21","2Q21") -> 2T21 | Q123: =IF(Menu!$G$10="PORTUGUÊS","3T21","3Q21") -> 3T21 | R123: =IF(Menu!$G$10="PORTUGUÊS","4T21","4Q21") -> 4T21 | S123: =IF(Menu!$G$10="PORTUGUÊS","1T22","1Q22") -> 1T22 | T123: =IF(Menu!$G$10="PORTUGUÊS","2T22","2Q22") -> 2T22 | U123: =IF(Menu!$G$10="PORTUGUÊS","3T22","3Q22") -> 3T22 | V123: =IF(Menu!$G$10="PORTUGUÊS","4T22","4Q22") -> 4T22 | W123: =IF(Menu!$G$10="PORTUGUÊS","1T23","1Q23") -> 1T23 | X123: =IF(Menu!$G$10="PORTUGUÊS","2T23","2Q23") -> 2T23 | Y123: =IF(Menu!$G$10="PORTUGUÊS","3T23","3Q23") -> 3T23 | Z123: =IF(Menu!$G$10="PORTUGUÊS","4T23","4Q23") -> 4T23 | AA123: =IF(Menu!$G$10="PORTUGUÊS","1T24","1Q24") -> 1T24 | AB123: =IF(Menu!$G$10="PORTUGUÊS","2T24","2Q24") -> 2T24 | AC123: =IF(Menu!$G$10="PORTUGUÊS","3T24","3Q24") -> 3T24 | AD123: =IF(Menu!$G$10="PORTUGUÊS","4T24","4Q24") -> 4T24 | AE123: =$AE$7 -> 1T25 | AF123: =IF(Menu!$G$10="PORTUGUÊS","2T25","2Q25") -> 2T25 | AG123: =IF(Menu!$G$10="PORTUGUÊS","3T25","3Q25") -> 3T25 | AH123: =IF(Menu!$G$10="PORTUGUÊS","4T25","4Q25") -> 4T25 | AI123: =IF(Menu!$G$10="PORTUGUÊS","1T26","1Q26") -> 1T26 | AJ123: =IF(Menu!$G$10="PORTUGUÊS","2T26","2Q26") -> 2T26 | AL123: =AL100 -> 2017 | AM123: =AM100 -> 2018 | AN123: =AN100 -> 2019 | AO123: =AO100 -> 2020 | AP123: =AP100 -> 2021 | AQ123: =AQ100 -> 2022 | AR123: =AR100 -> 2023 | AS123: =AS100 -> 2024 | AT123: 2025 | AU123: =AU7 -> 2026
A124: Active construction sites | B124: Canteiros de obra ativos | C124: Unit | D124: Unidade | F124: =IF(Menu!$G$10="English",A124,B124) -> Canteiros de obra ativos | G124: =IF(Menu!$G$10="English",C124,D124) -> Unidade | H124: =SUM(H125:H127) -> 21 | I124: =SUM(I125:I127) -> 18 | J124: =SUM(J125:J127) -> 19 | K124: =SUM(K125:K127) -> 21 | L124: =SUM(L125:L127) -> 22 | M124: =SUM(M125:M127) -> 21 | N124: =SUM(N125:N127) -> 21 | O124: =SUM(O125:O127) -> 25 | ... AJ124: =SUM(AJ125:AJ127) -> 20 | AL124: =SUM(AL125:AL128) -> 21 | AM124: =SUM(AM125:AM128) -> 18 | AN124: =SUM(AN125:AN128) -> 19 | AO124: =SUM(AO125:AO128) -> 21 | AP124: =SUM(AP125:AP128) -> 24 | AQ124: =SUM(AQ125:AQ127) -> 20 | AR124: =SUM(AR125:AR127) -> 17 | AS124: =SUM(AS125:AS127) -> 28 | AT124: =SUM(AT125:AT127) -> 20 | AU124: =SUM(AU125:AU127) -> 20
A125: Real Estate | B125: Incorporadora | C125: Unit | D125: Unidade | E125: EntregasCanteiro de obras ativosSão Paulo | F125: =IF(Menu!$G$10="English",A125,B125) -> Incorporadora | G125: =IF(Menu!$G$10="English",C125,D125) -> Unidade | H125: 14 | I125: 15 | J125: 13 | K125: 14 | L125: 15 | M125: 15 | N125: 15 | O125: 18 | P125: 14 | Q125: 17 | R125: 18 | S125: 18 | T125: 17 | U125: 16 | V125: 15 | W125: 15 | X125: 15 | Y125: 14 | Z125: 12 | AA125: 13 | AB125: 16 | AC125: 18 | AD125: 19 | AE125: 12 | AF125: 11 | AG125: 12 | AH125: 13 | AI125: 14 | AJ125: 14 | AL125: =H125 -> 14 | AM125: =I125 -> 15 | AN125: =J125 -> 13 | AO125: =N125 -> 15 | AP125: =R125 -> 18 | AQ125: =V125 -> 15 | AR125: =Z125 -> 12 | AS125: =AD125 -> 19 | AT125: =AH125 -> 13 | AU125: =AJ125 -> 14
A126: Lot development | B126: Urbanizadora | C126: Unit | D126: Unidade | E126: EntregasCanteiro de obras ativosRio de Janeiro | F126: =IF(Menu!$G$10="English",A126,B126) -> Urbanizadora | G126: =IF(Menu!$G$10="English",C126,D126) -> Unidade | H126: 7 | I126: 3 | J126: 5 | K126: 6 | L126: 5 | M126: 4 | N126: 4 | O126: 5 | P126: 5 | Q126: 5 | R126: 5 | S126: 5 | T126: 3 | U126: 3 | V126: 2 | W126: 2 | X126: 4 | Y126: 3 | Z126: 3 | AA126: 3 | AB126: 6 | AC126: 6 | AD126: 6 | AE126: 6 | AF126: 6 | AG126: 5 | AH126: 5 | AI126: 4 | AJ126: 3 | AL126: =H126 -> 7 | AM126: =I126 -> 3 | AN126: =J126 -> 5 | AO126: =N126 -> 4 | AP126: =R126 -> 5 | AQ126: =V126 -> 2 | AR126: =Z126 -> 3 | AS126: =AD126 -> 6 | AT126: =AH126 -> 5 | AU126: =AJ126 -> 3
A127: Open | B127: Open | C127: Unit | D127: Unidade | E127: EntregasCanteiro de obras ativosRio Grande do Sul | F127: =IF(Menu!$G$10="English",A127,B127) -> Open | G127: =IF(Menu!$G$10="English",C127,D127) -> Unidade | H127: 0 | I127: 0 | J127: 1 | K127: 1 | L127: 2 | M127: 2 | N127: 2 | O127: 2 | P127: 1 | Q127: 1 | R127: 1 | S127: 2 | T127: 2 | U127: 2 | V127: 3 | W127: 2 | X127: 2 | Y127: 2 | Z127: 2 | AA127: 2 | AB127: 2 | AC127: 3 | AD127: 3 | AE127: 1 | AF127: 1 | AG127: 1 | AH127: 2 | AI127: 2 | AJ127: 3 | AL127: =H127 -> 0 | AM127: =I127 -> 0 | AN127: =J127 -> 1 | AO127: =N127 -> 2 | AP127: =R127 -> 1 | AQ127: =V127 -> 3 | AR127: =Z127 -> 2 | AS127: =AD127 -> 3 | AT127: =AH127 -> 2 | AU127: =AJ127 -> 3
...

Sheet % Venda e POC | % Sold and POC
D5: =IF(Menu!$G$10="Português","Evolução da comercialização e evolução financeira do custo","Trade evolution and cost financial evolution") -> Evolução da comercialização e evolução financeira do custo
A6: Lançamento | B6: =IF(Menu!$G$10="Português","Lançamento","Lauch") -> Lançamento | D6: =IF(Menu!$G$10="Português","Projeto","Project") -> Projeto | E6: =IF(Menu!$G$10="Português","Lançamento","Lauch") -> Lançamento | F6: =IF(Menu!$G$10="Português","% Melnick","Melnick's Share") -> % Melnick | G6: =IF(Menu!$G$10="Português","% Vendido","% Sold") -> % Vendido | AE6: % PoC
G7: =IF(Menu!$G$10="Português","30/06/2026","06.30.2026") -> 30/06/2026 | H7: =IF(Menu!$G$10="Português","31/03/2026","03.31.2026") -> 31/03/2026 | I7: =IF(Menu!$G$10="Português","31/12/2025","12.31.2025") -> 31/12/2025 | J7: =IF(Menu!$G$10="Português","30/09/2025","09.30.2025") -> 30/09/2025 | K7: =IF(Menu!$G$10="Português","30/06/2025","06.30.2025") -> 30/06/2025 | L7: =IF(Menu!$G$10="Português","31/03/2025","03.31.2025") -> 31/03/2025 | M7: =IF(Menu!$G$10="Português","31/12/2024","12.31.2024") -> 31/12/2024 | N7: =IF(Menu!$G$10="Português","30/09/2024","09.30.2024") -> 30/09/2024 | O7: =IF(Menu!$G$10="Português","30/06/2024","06.30.2024") -> 30/06/2024 | P7: =IF(Menu!$G$10="Português","31/03/2024","03.31.2024") -> 31/03/2024 | Q7: =IF(Menu!$G$10="Português","31/12/2023","12.31.2023") -> 31/12/2023 | R7: =IF(Menu!$G$10="Português","30/09/2023","09.30.2023") -> 30/09/2023 | S7: =IF(Menu!$G$10="Português","30/06/2023","06.30.2023") -> 30/06/2023 | T7: =IF(Menu!$G$10="Português","31/03/2023","03.31.2023") -> 31/03/2023 | U7: =IF(Menu!$G$10="Português","31/12/2022","12.31.2022") -> 31/12/2022 | V7: =IF(Menu!$G$10="Português","30/09/2022","09.30.2022") -> 30/09/2022 | W7: =IF(Menu!$G$10="Português","30/06/2022","06.30.2022") -> 30/06/2022 | X7: =IF(Menu!$G$10="Português","31/03/2022","03.31.2022") -> 31/03/2022 | Y7: =IF(Menu!$G$10="Português","31/12/2021","12.31.2021") -> 31/12/2021 | Z7: =IF(Menu!$G$10="Português","30/09/2021","09.30.2021") -> 30/09/2021 | AA7: =IF(Menu!$G$10="Português","30/06/2021","06.30.2021") -> 30/06/2021 | AB7: =IF(Menu!$G$10="Português","31/03/2021","03.31.2021") -> 31/03/2021 | AC7: =IF(Menu!$G$10="Português","31/12/2020","12.31.2020") -> 31/12/2020 | AD7: =IF(Menu!$G$10="Português","30/09/2020","09.30.2020") -> 30/09/2020 | AE7: =IF(Menu!$G$10="Português","30/06/2026","06.30.2026") -> 30/06/2026 | AF7: =IF(Menu!$G$10="Português","31/03/2026","03.31.2026") -> 31/03/2026 | AG7: =IF(Menu!$G$10="Português","31/12/2025","12.31.2025") -> 31/12/2025 | AH7: =IF(Menu!$G$10="Português","30/09/2025","09.30.2025") -> 30/09/2025 | AI7: =IF(Menu!$G$10="Português","30/06/2025","06.30.2025") -> 30/06/2025 | AJ7: =IF(Menu!$G$10="Português","31/03/2025","03.31.2025") -> 31/03/2025 | AK7: =IF(Menu!$G$10="Português","31/12/2024","12.31.2024") -> 31/12/2024 | AL7: =IF(Menu!$G$10="Português","30/09/2024","09.30.2024") -> 30/09/2024 | AM7: =IF(Menu!$G$10="Português","30/06/2024","06.30.2024") -> 30/06/2024 | AN7: =IF(Menu!$G$10="Português","31/03/2024","03.31.2024") -> 31/03/2024 | AO7: =IF(Menu!$G$10="Português","31/12/2023","12.31.2023") -> 31/12/2023 | AP7: =IF(Menu!$G$10="Português","30/09/2023","09.30.2023") -> 30/09/2023 | AQ7: =IF(Menu!$G$10="Português","30/06/2023","06.30.2023") -> 30/06/2023 | AR7: =IF(Menu!$G$10="Português","31/03/2023","03.31.2023") -> 31/03/2023 | AS7: =IF(Menu!$G$10="Português","31/12/2022","12.31.2022") -> 31/12/2022 | AT7: =IF(Menu!$G$10="Português","30/09/2022","09.30.2022") -> 30/09/2022 | AU7: =IF(Menu!$G$10="Português","30/06/2022","06.30.2022") -> 30/06/2022 | AV7: =IF(Menu!$G$10="Português","31/03/2022","03.31.2022") -> 31/03/2022 | AW7: =IF(Menu!$G$10="Português","31/12/2021","12.31.2021") -> 31/12/2021 | AX7: =IF(Menu!$G$10="Português","30/09/2021","09.30.2021") -> 30/09/2021 | AY7: =IF(Menu!$G$10="Português","30/06/2021","06.30.2021") -> 30/06/2021 | AZ7: =IF(Menu!$G$10="Português","31/03/2021","03.31.2021") -> 31/03/2021 | BA7: =IF(Menu!$G$10="Português","31/12/2020","12.31.2020") -> 31/12/2020 | BB7: =IF(Menu!$G$10="Português","30/09/2020","09.30.2020") -> 30/09/2020
A8: 3T10 | B8: 3Q10 | D8: Ponta da Figueira | E8: =IF(Menu!$G$10="Português",A8,B8) -> 3T10 | F8: 0.25 | G8: 1 | H8: 1 | I8: 1 | J8: 0.997116 | K8: 0.997116 | L8: 0.994232 | M8: 0.994232 | N8: 0.994232 | O8: 0.994232 | P8: 1 | Q8: 1 | R8: 1 | S8: 1 | T8: 1 | U8: 1 | V8: 1 | W8: 1 | X8: 1 | Y8: 1 | Z8: 1 | AA8: 1 | AB8: 1 | AC8: 1 | AD8: 1 | AE8: 1 | AF8: 1 | AG8: 1 | AH8: 1 | AI8: 1 | AJ8: 1 | AK8: 1 | AL8: 1 | AM8: 1 | AN8: 1 | AO8: 1 | AP8: 1 | AQ8: 1 | AR8: 1 | AS8: 1 | AT8: 1 | AU8: 1 | AV8: 1 | AW8: 1 | AX8: 1 | AY8: 1 | AZ8: 1 | BA8: 1 | BB8: 1
A9: 4T10 | B9: 4Q10 | D9: Hom | E9: =IF(Menu!$G$10="Português",A9,B9) -> 4T10 | F9: 1 | G9: 0.99467 | H9: 0.99467 | I9: 0.99467 | J9: 0.99467 | K9: 0.99467 | L9: 0.994387 | M9: 0.994387 | N9: 0.994387 | O9: 0.989919 | P9: 0.989919 | Q9: 0.989919 | R9: 0.989919 | S9: 0.99 | T9: 0.989919 | U9: 0.99 | V9: 0.99 | W9: 0.99 | X9: 0.982985 | Y9: 0.98 | Z9: 0.98 | AA9: 0.98 | AB9: 0.98 | AC9: 0.98 | AD9: 0.98 | AE9: 1 | AF9: 1 | AG9: 1 | AH9: 1 | AI9: 1 | AJ9: 1 | AK9: 1 | AL9: 1 | AM9: 1 | AN9: 1 | AO9: 1 | AP9: 1 | AQ9: 1 | AR9: 1 | AS9: 1 | AT9: 1 | AU9: 1 | AV9: 1 | AW9: 1 | AX9: 1 | AY9: 1 | AZ9: 1 | BA9: 1 | BB9: 1
A10: 3T11 | B10: 3Q11 | D10: Grand Park Eucaliptos | E10: =IF(Menu!$G$10="Português",A10,B10) -> 3T11 | F10: 1 | G10: 0.998912 | H10: 0.998912 | I10: 0.998912 | J10: 0.998912 | K10: 0.998868 | L10: 0.998868 | M10: 0.998868 | N10: 0.998868 | O10: 0.998868 | P10: 0.998868 | Q10: 0.998868 | R10: 0.998868 | S10: 1 | T10: 0.998868 | U10: 1 | V10: 1 | W10: 1 | X10: 0.998868 | Y10: 0.99 | Z10: 0.99 | AA10: 0.99 | AB10: 0.99 | AC10: 0.99 | AD10: 0.99 | AE10: 1 | AF10: 1 | AG10: 1 | AH10: 1 | AI10: 1 | AJ10: 1 | AK10: 1 | AL10: 1 | AM10: 1 | AN10: 1 | AO10: 1 | AP10: 1 | AQ10: 1 | AR10: 1 | AS10: 1 | AT10: 1 | AU10: 1 | AV10: 1 | AW10: 1 | AX10: 1 | AY10: 1 | AZ10: 1 | BA10: 1 | BB10: 1
A11: 4T11 | B11: 4Q11 | D11: Cobal - Rubi | E11: =IF(Menu!$G$10="Português",A11,B11) -> 4T11 | F11: 1 | G11: 0.9995 | H11: 0.9995 | I11: 0.9995 | J11: 0.9995 | K11: 0.9995 | L11: 0.9995 | M11: 0.9995 | N11: 0.9995 | O11: 0.9995 | P11: 0.9995 | Q11: 0.99892 | R11: 0.99892 | S11: 1 | T11: 0.99892 | U11: 1 | V11: 1 | W11: 0.99 | X11: 0.983839 | Y11: 0.98 | Z11: 0.98 | AA11: 0.98 | AB11: 0.99 | AC11: 0.99 | AD11: 0.99 | AE11: 1 | AF11: 1 | AG11: 1 | AH11: 1 | AI11: 1 | AJ11: 1 | AK11: 1 | AL11: 1 | AM11: 1 | AN11: 1 | AO11: 1 | AP11: 1 | AQ11: 1 | AR11: 1 | AS11: 1 | AT11: 1 | AU11: 1 | AV11: 1 | AW11: 1 | AX11: 1 | AY11: 1 | AZ11: 1 | BA11: 1 | BB11: 1
A12: 3T12 | B12: 3Q12 | D12: Design Offece Center | E12: =IF(Menu!$G$10="Português",A12,B12) -> 3T12 | F12: 1 | G12: 1 | H12: 1 | I12: 1 | J12: 1 | K12: 1 | L12: 1 | M12: 1 | N12: 0.996493 | O12: 0.992935 | P12: 0.996442 | Q12: 0.992403 | R12: 0.992403 | S12: 0.99 | T12: 0.988333 | U12: 0.97 | V12: 0.98 | W12: 0.98 | X12: 0.988333 | Y12: 0.99 | Z12: 0.98 | AA12: 0.98 | AB12: 0.97 | AC12: 0.97 | AD12: 0.97 | AE12: 1 | AF12: 1 | AG12: 1 | AH12: 1 | AI12: 1 | AJ12: 1 | AK12: 1 | AL12: 1 | AM12: 1 | AN12: 1 | AO12: 1 | AP12: 1 | AQ12: 1 | AR12: 1 | AS12: 1 | AT12: 1 | AU12: 1 | AV12: 1 | AW12: 1 | AX12: 1 | AY12: 1 | AZ12: 1 | BA12: 1 | BB12: 1
A13: 4T12 | B13: 4Q12 | D13: Hom lindoia | E13: =IF(Menu!$G$10="Português",A13,B13) -> 4T12 | F13: 1 | G13: 0.988063 | H13: 0.98512 | I13: 0.982253 | J13: 0.982253 | K13: 0.976557 | L13: 0.973667 | M13: 0.967876 | N13: 0.953512 | O13: 0.938775 | P13: 0.932966 | Q13: 0.920866 | R13: 0.91802 | S13: 0.92 | T13: 0.914926 | U13: 0.85 | V13: 0.91 | W13: 0.91 | X13: 0.902996 | Y13: 0.95 | Z13: 0.94 | AA13: 0.94 | AB13: 0.94 | AC13: 0.94 | AD13: 0.93 | AE13: 1 | AF13: 1 | AG13: 1 | AH13: 1 | AI13: 1 | AJ13: 1 | AK13: 1 | AL13: 1 | AM13: 1 | AN13: 1 | AO13: 1 | AP13: 1 | AQ13: 1 | AR13: 1 | AS13: 1 | AT13: 1 | AU13: 1 | AV13: 1 | AW13: 1 | AX13: 1 | AY13: 1 | AZ13: 1 | BA13: 1 | BB13: 1
A14: 4T12 | B14: 4Q12 | D14: Nine | E14: =IF(Menu!$G$10="Português",A14,B14) -> 4T12 | F14: 1 | G14: 0.989968 | H14: 0.989508 | I14: 0.988588 | J14: 0.988588 | K14: 0.988588 | L14: 0.988588 | M14: 0.988588 | N14: 0.988588 | O14: 0.988588 | P14: 0.988588 | Q14: 0.988588 | R14: 0.988588 | S14: 0.99 | T14: 0.988588 | U14: 1 | V14: 0.99 | W14: 0.99 | X14: 0.988588 | Y14: 0.99 | Z14: 0.99 | AA14: 0.99 | AB14: 0.99 | AC14: 0.99 | AD14: 0.99 | AE14: 1 | AF14: 1 | AG14: 1 | AH14: 1 | AI14: 1 | AJ14: 1 | AK14: 1 | AL14: 1 | AM14: 1 | AN14: 1 | AO14: 1 | AP14: 1 | AQ14: 1 | AR14: 1 | AS14: 1 | AT14: 1 | AU14: 1 | AV14: 1 | AW14: 1 | AX14: 1 | AY14: 1 | AZ14: 1 | BA14: 1 | BB14: 1
A15: 1T13 | B15: 1Q13 | D15: Icon - RS | E15: =IF(Menu!$G$10="Português",A15,B15) -> 1T13 | F15: 1 | G15: 0.98679868 | H15: 0.95049505 | I15: 0.97359736 | J15: 0.97689769 | K15: 0.96369637 | L15: 0.95379538 | M15: 0.94389439 | N15: 0.93729373 | O15: 0.9339934 | P15: 0.92409241 | Q15: 0.91089109 | R15: 0.9009901 | S15: 0.9 | T15: 0.90759076 | U15: 0.9 | V15: 0.9 | W15: 0.9 | X15: 0.90759076 | Y15: 0.9 | Z15: 0.86 | AA15: 0.86 | AB15: 0.85 | AC15: 0.85 | AD15: 0.87 | AE15: 1 | AF15: 1 | AG15: 1 | AH15: 1 | AI15: 1 | AJ15: 1 | AK15: 1 | AL15: 1 | AM15: 1 | AN15: 1 | AO15: 1 | AP15: 1 | AQ15: 1 | AR15: 1 | AS15: 1 | AT15: 1 | AU15: 1 | AV15: 1 | AW15: 1 | AX15: 1 | AY15: 1 | AZ15: 1 | BA15: 1 | BB15: 1
A16: 2T13 | B16: 2Q13 | D16: Icon RS - 2º Fase | E16: =IF(Menu!$G$10="Português",A16,B16) -> 2T13 | F16: 1 | G16: 1 | H16: 0.99695122 | I16: 0.99695122 | J16: 0.99695122 | K16: 0.99695122 | L16: 0.99695122 | M16: 0.99695122 | N16: 0.99695122 | O16: 0.99695122 | P16: 0.99390244 | Q16: 0.99085366 | R16: 0.99085366 | S16: 0.99 | T16: 0.99695122 | U16: 1 | V16: 0.99 | W16: 1 | X16: 0.9847561 | Y16: 0.99 | Z16: 0.98 | AA16: 0.98 | AB16: 0.98 | AC16: 0.99 | AD16: 0.99 | AE16: 1 | AF16: 1 | AG16: 1 | AH16: 1 | AI16: 1 | AJ16: 1 | AK16: 1 | AL16: 1 | AM16: 1 | AN16: 1 | AO16: 1 | AP16: 1 | AQ16: 1 | AR16: 1 | AS16: 1 | AT16: 1 | AU16: 1 | AV16: 1 | AW16: 1 | AX16: 1 | AY16: 1 | AZ16: 1 | BA16: 1 | BB16: 1
A17: 4T13 | B17: 4Q13 | D17: Terrara | E17: =IF(Menu!$G$10="Português",A17,B17) -> 4T13 | F17: 1 | G17: 1 | H17: 1 | I17: 1 | J17: 1 | K17: 1 | L17: 1 | M17: 1 | N17: 1 | O17: 1 | P17: 1 | Q17: 1 | R17: 1 | S17: 1 | T17: 1 | U17: 1 | V17: 1 | W17: 1 | X17: 1 | Y17: 1 | Z17: 1 | AA17: 1 | AB17: 1 | AC17: 1 | AD17: 1 | AE17: 1 | AF17: 1 | AG17: 1 | AH17: 1 | AI17: 1 | AJ17: 1 | AK17: 1 | AL17: 1 | AM17: 1 | AN17: 1 | AO17: 1 | AP17: 1 | AQ17: 1 | AR17: 1 | AS17: 1 | AT17: 1 | AU17: 1 | AV17: 1 | AW17: 1 | AX17: 1 | AY17: 1 | AZ17: 1 | BA17: 1 | BB17: 1
A18: 4T13 | B18: 4Q13 | D18: Window RS | E18: =IF(Menu!$G$10="Português",A18,B18) -> 4T13 | F18: 1 | G18: 1 | H18: 1 | I18: 1 | J18: 1 | K18: 1 | L18: 1 | M18: 1 | N18: 0.998562 | O18: 0.998562 | P18: 0.998562 | Q18: 0.998562 | R18: 0.998562 | S18: 0.99 | T18: 0.994248 | U18: 1 | V18: 0.99 | W18: 0.99 | X18: 0.994248 | Y18: 0.99 | Z18: 0.99 | AA18: 0.99 | AB18: 0.99 | AC18: 0.99 | AD18: 0.99 | AE18: 1 | AF18: 1 | AG18: 1 | AH18: 1 | AI18: 1 | AJ18: 1 | AK18: 1 | AL18: 1 | AM18: 1 | AN18: 1 | AO18: 1 | AP18: 1 | AQ18: 1 | AR18: 1 | AS18: 1 | AT18: 1 | AU18: 1 | AV18: 1 | AW18: 1 | AX18: 1 | AY18: 1 | AZ18: 1 | BA18: 1 | BB18: 1
A19: 4T13 | B19: 4Q13 | D19: Anita Garibaldi | E19: =IF(Menu!$G$10="Português",A19,B19) -> 4T13 | F19: 1 | G19: 0.988108 | H19: 0.98279 | I19: 0.973192 | J19: 0.955004 | K19: 0.945453 | L19: 0.945453 | M19: 0.945453 | N19: 0.945453 | O19: 0.941173 | P19: 0.937884 | Q19: 0.937884 | R19: 0.933604 | S19: 0.93 | T19: 0.933604 | U19: 0.92 | V19: 0.94 | W19: 0.93 | X19: 0.937884 | Y19: 0.93 | Z19: 0.93 | AA19: 0.92 | AB19: 0.93 | AC19: 0.93 | AD19: 0.92 | AE19: 1 | AF19: 1 | AG19: 1 | AH19: 1 | AI19: 1 | AJ19: 1 | AK19: 1 | AL19: 1 | AM19: 1 | AN19: 1 | AO19: 1 | AP19: 1 | AQ19: 1 | AR19: 1 | AS19: 1 | AT19: 1 | AU19: 1 | AV19: 1 | AW19: 1 | AX19: 1 | AY19: 1 | AZ19: 1 | BA19: 1 | BB19: 1
... A59: 3T20 | B59: 3Q20 | D59: Carlos Gomes Square - Fase 2 | E59: =IF(Menu!$G$10="Português",A59,B59) -> 3T20 | F59: 1 | G59: 0.97765363 | H59: 0.95530726 | I59: 0.92178771 | J59: 0.91061453 | K59: 0.90502793 | L59: 0.89385475 | M59: 0.91620112 | N59: 0.91620112 | O59: 0.91620112 | P59: 0.94413408 | Q59: 0.91061453 | R59: 0.88268156 | S59: 0.87 | T59: 0.84916201 | U59: 0.83 | V59: 0.84 | W59: 0.84 | X59: 0.81005587 | Y59: 0.83 | Z59: 0.8 | AA59: 0.71 | AB59: 0.69 | AC59: 0.69 | AD59: 0.42 | AE59: 1 | AF59: 1 | AG59: 1 | AH59: 1 | AI59: 1 | AJ59: 1 | AK59: 1 | AL59: 0.96435785 | AM59: 0.93351673 | AN59: 0.9256 | AO59: 0.9037 | AP59: 0.8468 | AQ59: 0.81 | AR59: 0.7624 | AS59: 0.72 | AT59: 0.68 | AU59: 0.65 | AV59: 0.6005 | AW59: 0.55 | AX59: 0.47 | AY59: 0.42 | AZ59: 0.39 | BA59: 0.38 | BB59: 0.38
A60: 4T20 | B60: 4Q20 | D60: Supreme Altos do Central Parque | E60: =IF(Menu!$G$10="Português",A60,B60) -> 4T20 | F60: 1 | G60: 0.993085 | H60: 0.988431 | I60: 0.996892 | J60: 0.993085 | K60: 0.981454 | L60: 0.899796 | M60: 0.884312 | N60: 0.880135 | O60: 0.879675 | P60: 0.877689 | Q60: 0.918617 | R60: 0.894865 | S60: 0.91 | T60: 0.881651 | U60: 0.76 | V60: 0.83 | W60: 0.8 | X60: 0.667398 | Y60: 0.64 | Z60: 0.55 | AA60: 0.49 | AB60: 0.36 | AC60: 0.32 | AE60: 1 | AF60: 1 | AG60: 1 | AH60: 1 | AI60: 1 | AJ60: 1 | AK60: 1 | AL60: 1 | AM60: 1 | AN60: 1 | AO60: 1 | AP60: 0.9474 | AQ60: 0.92 | AR60: 0.8745 | AS60: 0.84 | AT60: 0.79 | AU60: 0.72 | AV60: 0.638 | AW60: 0.57 | AX60: 0.47 | AY60: 0.38 | AZ60: 0.32 | BA60: 0.32
A61: 1T21 | B61: 1Q21 | D61: Gran Park Lindoia - F3 | E61: =IF(Menu!$G$10="Português",A61,B61) -> 1T21 | F61: 1 | G61: 0.99472991 | H61: 0.99472991 | I61: 0.99472991 | J61: 0.98418972 | K61: 0.98418972 | L61: 0.98418972 | M61: 0.97364954 | N61: 0.96310935 | O61: 0.93675889 | P61: 0.92094862 | Q61: 0.86824769 | R61: 0.86824769 | S61: 0.85 | T61: 0.80500659 | U61: 0.76 | V61: 0.72 | W61: 0.6 | X61: 0.53096179 | Y61: 0.53 | Z61: 0.43 | AA61: 0.39 | AB61: 0.17 | AE61: 1 | AF61: 1 | AG61: 1 | AH61: 1 | AI61: 1 | AJ61: 1 | AK61: 1 | AL61: 1 | AM61: 1 | AN61: 1 | AO61: 1 | AP61: 1 | AQ61: 1 | AR61: 0.9763 | AS61: 0.95 | AT61: 0.94 | AU61: 0.92 | AV61: 0.9217 | AW61: 0.91 | AX61: 0.88 | AY61: 0.87 | AZ61: 0.81
A62: 1T21 | B62: 1Q21 | D62: Go Rio Branco | E62: =IF(Menu!$G$10="Português",A62,B62) -> 1T21 | F62: 1 | G62: 0.997009 | H62: 0.991708 | I62: 0.970175 | J62: 0.966162 | K62: 0.97716 | L62: 0.95596 | M62: 0.952969 | N62: 0.952969 | O62: 0.956645 | P62: 0.968857 | Q62: 0.978789 | R62: 0.980213 | S62: 1 | T62: 0.973312 | U62: 0.85 | V62: 0.81 | W62: 0.81 | X62: 0.81982 | Y62: 0.83 | Z62: 0.82 | AA62: 0.75 | AB62: 0.51 | AE62: 1 | AF62: 1 | AG62: 1 | AH62: 1 | AI62: 1 | AJ62: 1 | AK62: 1 | AL62: 1 | AM62: 1 | AN62: 1 | AO62: 0.9754 | AP62: 0.9301 | AQ62: 0.86 | AR62: 0.7989 | AS62: 0.74 | AT62: 0.66 | AU62: 0.59 | AV62: 0.5167 | AW62: 0.43 | AX62: 0.39 | AY62: 0.34 | AZ62: 0.34
A63: 1T21 | B63: 1Q21 | D63: Casaviva | E63: =IF(Menu!$G$10="Português",A63,B63) -> 1T21 | F63: 0.5 | G63: 0.978917 | H63: 0.978917 | I63: 0.981748 | J63: 0.981748 | K63: 0.97979 | L63: 0.97979 | M63: 0.98426 | N63: 0.981368 | O63: 0.981368 | P63: 0.981368 | Q63: 0.986157 | R63: 1 | S63: 1 | T63: 1 | U63: 1 | V63: 1 | W63: 1 | X63: 1 | Y63: 1 | Z63: 1 | AA63: 1 | AB63: 1 | AE63: 1 | AF63: 1 | AG63: 1 | AH63: 1 | AI63: 1 | AJ63: 1 | AK63: 1 | AL63: 1 | AM63: 1 | AN63: 1 | AO63: 1 | AP63: 1 | AQ63: 0.95 | AR63: 0.9537 | AS63: 0.91 | AT63: 0.88 | AU63: 0.77 | AV63: 0.6461 | AW63: 0.58 | AX63: 0.53 | AY63: 0.5 | AZ63: 0.48
A64: 1T21 | B64: 1Q21 | D64: Botanique Residence | E64: =IF(Menu!$G$10="Português",A64,B64) -> 1T21 | F64: 1 | G64: 0.982753 | H64: 0.960507 | I64: 0.960754 | J64: 0.944841 | K64: 0.910443 | L64: 0.903921 | M64: 0.871344 | N64: 0.880969 | O64: 0.903477 | P64: 0.919203 | Q64: 0.905636 | R64: 0.91242 | S64: 0.93 | T64: 0.91417 | U64: 0.91 | V64: 0.91 | W64: 0.9 | X64: 0.594786 | Y64: 0.6 | Z64: 0.58 | AA64: 0.5 | AB64: 0.36 | AE64: 1 | AF64: 1 | AG64: 1 | AH64: 1 | AI64: 1 | AJ64: 1 | AK64: 1 | AL64: 0.96861638 | AM64: 0.93552256 | AN64: 0.9175 | AO64: 0.8921 | AP64: 0.8328 | AQ64: 0.78 | AR64: 0.73 | AS64: 0.69 | AT64: 0.61 | AU64: 0.54 | AV64: 0.4698 | AW64: 0.43 | AX64: 0.4 | AY64: 0.39 | AZ64: 0.4
A65: 2T21 | B65: 2Q21 | D65: Seen Boa Vista | E65: =IF(Menu!$G$10="Português",A65,B65) -> 2T21 | F65: 1 | G65: 0.977686 | H65: 0.977686 | I65: 0.977686 | J65: 0.963045 | K65: 0.96962 | L65: 0.984767 | M65: 0.970059 | N65: 0.954804 | O65: 0.910095 | P65: 0.910095 | Q65: 0.864428 | R65: 0.772162 | S65: 0.79 | T65: 0.728279 | U65: 0.54 | V65: 0.61 | W65: 0.61 | X65: 0.471613 | Y65: 0.47 | Z65: 0.42 | AA65: 0.33 | AE65: 1 | AF65: 1 | AG65: 1 | AH65: 1 | AI65: 1 | AJ65: 1 | AK65: 0.93729696 | AL65: 0.90604315 | AM65: 0.85958286 | AN65: 0.8324 | AO65: 0.805 | AP65: 0.7639 | AQ65: 0.72 | AR65: 0.6683 | AS65: 0.62 | AT65: 0.55 | AU65: 0.49 | AV65: 0.4505 | AW65: 0.42 | AX65: 0.39 | AY65: 0.39
A66: 3T21 | B66: 3Q21 | D66: Hillside | E66: =IF(Menu!$G$10="Português",A66,B66) -> 3T21 | F66: 1 | G66: 1 | H66: 1 | I66: 0.976449 | J66: 0.976449 | K66: 0.95222 | L66: 0.928204 | M66: 0.928204 | N66: 0.903975 | O66: 0.904188 | P66: 0.928204 | Q66: 0.952433 | R66: 0.903975 | S66: 0.88 | T66: 0.853479 | U66: 0.65 | V66: 0.71 | W66: 0.69 | X66: 0.358632 | Y66: 0.36 | Z66: 0.29 | AE66: 1 | AF66: 1 | AG66: 1 | AH66: 1 | AI66: 1 | AJ66: 1 | AK66: 1 | AL66: 1 | AM66: 0.95641688 | AN66: 0.9398 | AO66: 0.9044 | AP66: 0.8146 | AQ66: 0.73 | AR66: 0.6475 | AS66: 0.56 | AT66: 0.48 | AU66: 0.42 | AV66: 0.3565 | AW66: 0.32 | AX66: 0.31
A67: 3T21 | B67: 3Q21 | D67: Arte Country Club | E67: =IF(Menu!$G$10="Português",A67,B67) -> 3T21 | F67: 0.82 | G67: 0.955332 | H67: 0.932185 | I67: 0.932185 | J67: 0.931704 | K67: 0.931676 | L67: 0.931676 | M67: 0.931676 | N67: 0.977195 | O67: 0.977195 | P67: 0.97717 | Q67: 0.954821 | R67: 0.932443 | S67: 0.93 | T67: 0.926309 | U67: 0.81 | V67: 0.82 | W67: 0.79 | X67: 0.734042 | Y67: 0.68 | Z67: 0.41 | AE67: 1 | AF67: 1 | AG67: 1 | AH67: 1 | AI67: 1 | AJ67: 1 | AK67: 0.95599486 | AL67: 0.93544866 | AM67: 0.89265356 | AN67: 0.8539 | AO67: 0.8207 | AP67: 0.7252 | AQ67: 0.7 | AR67: 0.6438 | AS67: 0.57 | AT67: 0.51 | AU67: 0.46 | AV67: 0.4066 | AW67: 0.38 | AX67: 0.37
A68: 4T21 | B68: 4Q21 | D68: GO Cidade Baixa | E68: =IF(Menu!$G$10="Português",A68,B68) -> 4T21 | F68: 1 | G68: 0.912449 | H68: 0.894176 | I68: 0.850934 | J68: 0.876091 | K68: 0.917344 | L68: 0.899128 | M68: 0.897123 | N68: 0.925132 | O68: 0.945472 | P68: 0.929285 | Q68: 0.812546 | R68: 0.80417 | S68: 0.76 | T68: 0.744475 | U68: 0.77 | V68: 0.67 | W68: 0.6 | X68: 0.473444 | Y68: 0.38 | AE68: 1 | AF68: 1 | AG68: 1 | AH68: 1 | AI68: 1 | AJ68: 0.92620811 | AK68: 0.87772676 | AL68: 0.83539379 | AM68: 0.77567528 | AN68: 0.7376 | AO68: 0.7053 | AP68: 0.6252 | AQ68: 0.59 | AR68: 0.5318 | AS68: 0.46 | AT68: 0.4 | AU68: 0.35 | AV68: 0.3369 | AW68: 0.34
A69: 4T21 | B69: 4Q21 | D69: GO Carlos Gomes | E69: =IF(Menu!$G$10="Português",A69,B69) -> 4T21 | F69: 1 | G69: 0.935774 | H69: 0.935774 | I69: 0.816919 | J69: 0.823126 | K69: 0.817822 | L69: 0.817859 | M69: 0.829485 | N69: 0.872057 | O69: 0.895079 | P69: 0.895079 | Q69: 0.695644 | R69: 0.74436 | S69: 0.75 | T69: 0.662384 | U69: 0.55 | V69: 0.54 | W69: 0.48 | X69: 0.433873 | Y69: 0.43 | AE69: 1 | AF69: 1 | AG69: 1 | AH69: 1 | AI69: 1 | AJ69: 1 | AK69: 1 | AL69: 0.924847 | AM69: 0.8811677 | AN69: 0.8227 | AO69: 0.8126 | AP69: 0.7391 | AQ69: 0.69 | AR69: 0.609 | AS69: 0.53 | AT69: 0.47 | AU69: 0.44 | AV69: 0.395 | AW69: 0.38
A70: 1T22 | B70: 1Q22 | D70: Nilo Square - Residencial | E70: =IF(Menu!$G$10="Português",A70,B70) -> 1T22 | F70: 0.5 | G70: 0.85833333 | H70: 0.88333333 | I70: 0.83333333 | J70: 0.81666667 | K70: 0.825 | L70: 0.80833333 | M70: 0.8 | N70: 0.73333333 | O70: 0.73333333 | P70: 0.71666667 | Q70: 0.66666667 | R70: 0.63333333 | S70: 0.56 | T70: 0.48333333 | U70: 0.38 | V70: 0.36 | W70: 0.3 | X70: 0.129595 | AE70: 1 | AF70: 0.90675169 | AG70: 0.86319013 | AH70: 0.8170109 | AI70: 0.77138816 | AJ70: 0.71294769 | AK70: 0.67125156 | AL70: 0.61786276 | AM70: 0.56344431 | AN70: 0.5283 | AO70: 0.4773 | AP70: 0.3446 | AQ70: 0.3 | AR70: 0.2606 | AS70: 0.2637 | AT70: 0.26 | AU70: 0.26 | AV70: 0.2166
A71: 1T22 | B71: 1Q22 | D71: Zen Concept Resort | E71: =IF(Menu!$G$10="Português",A71,B71) -> 1T22 | F71: 0.35 | G71: 0.983336 | H71: 0.986975 | I71: 0.986975 | J71: 0.986975 | K71: 0.986975 | L71: 0.986975 | M71: 0.986975 | N71: 0.986975 | O71: 0.986975 | P71: 0.986975 | Q71: 0.991648 | R71: 0.991648 | S71: 0.99 | T71: 0.99407 | U71: 0.7 | V71: 0.99 | W71: 0.99 | X71: 0.99407 | AE71: 1 | AF71: 1 | AG71: 1 | AH71: 1 | AI71: 1 | AJ71: 1 | AK71: 1 | AL71: 0.95404867 | AM71: 0.92219081 | AN71: 0.8966 | AO71: 0.8509 | AP71: 0.799 | AQ71: 0.72 | AR71: 0.6287 | AS71: 0.59 | AT71: 0.54 | AU71: 0.52 | AV71: 0.5198
A72: 1T22 | B72: 1Q22 | D72: Open Protásio | E72: =IF(Menu!$G$10="Português",A72,B72) -> 1T22 | F72: 1 | G72: 1 | H72: 1 | I72: 1 | J72: 1 | K72: 1 | L72: 0.923159 | M72: 0.923159 | N72: 0.90599 | O72: 0.906239 | P72: 0.900599 | Q72: 0.911356 | R72: 0.876371 | S72: 0.9 | T72: 0.789971 | U72: 0.62 | V72: 0.51 | W72: 0.37 | X72: 0.148357 | AE72: 1 | AF72: 1 | AG72: 1 | AH72: 1 | AI72: 1 | AJ72: 1 | AK72: 0.91652745 | AL72: 0.87709815 | AM72: 0.79871539 | AN72: 0.6963 | AO72: 0.6607 | AP72: 0.5656 | AQ72: 0.47 | AR72: 0.391 | AS72: 0.33 | AT72: 0.27 | AU72: 0.24 | AV72: 0.0405
A73: 2T22 | B73: 2Q22 | D73: Nilo Square | E73: =IF(Menu!$G$10="Português",A73,B73) -> 2T22 | F73: 0.5 | G73: 0.89818182 | H73: 0.89454545 | I73: 0.88363636 | J73: 0.88363636 | K73: 0.86909091 | L73: 0.80833333 | M73: 0.84 | N73: 0.82181818 | O73: 0.73333333 | P73: 0.71666667 | Q73: 0.85454545 | R73: 0.84 | S73: 0.80363636 | T73: 0.70909091 | U73: 0.5 | V73: 0.36 | W73: 0.49 | AE73: 1 | AF73: 0.90675169 | AG73: 0.86319013 | AH73: 0.8170109 | AI73: 0.77138816 | AJ73: 0.71294769 | AK73: 0.67 | AL73: 0.61786276 | AM73: 0.56 | AN73: 0.5283 | AO73: 0.4773 | AP73: 0.3446 | AQ73: 0.3 | AR73: 0.2606 | AS73: 0.2637 | AT73: 0.26 | AU73: 0.26
A74: 2T22 | B74: 2Q22 | D74: OPEN Canoas Centro - Fase 3 | E74: =IF(Menu!$G$10="Português",A74,B74) -> 2T22 | F74: 1 | G74: 1 | H74: 0.99375 | I74: 0.99375 | J74: 0.99375 | K74: 0.9875 | L74: 0.9875 | M74: 0.975 | N74: 0.975 | O74: 0.9875 | P74: 0.975 | Q74: 0.99375 | R74: 0.9875 | S74: 1 | T74: 0.90625 | U74: 0.63 | V74: 0.38 | W74: 0.16 | AE74: 1 | AF74: 1 | AG74: 1 | AH74: 1 | AI74: 1 | AJ74: 1 | AK74: 0.95446004 | AL74: 0.95876252 | AM74: 0.94334983 | AN74: 0.9507 | AO74: 0.9356 | AP74: 0.9213 | AQ74: 0.9 | AR74: 0.8607 | AS74: 0.85 | AT74: 0.82 | AU74: 0.77
A75: 3T22 | B75: 3Q22 | D75: Seen Menino Deus | E75: =IF(Menu!$G$10="Português",A75,B75) -> 3T22 | F75: 1 | G75: 0.882948 | H75: 0.892522 | I75: 0.850309 | J75: 0.850309 | K75: 0.811382 | L75: 0.741998 | M75: 0.745589 | N75: 0.741484 | O75: 0.75246 | P75: 0.75246 | Q75: 0.710796 | R75: 0.710796 | S75: 0.66 | T75: 0.605385 | U75: 0.44 | V75: 0.45 | AE75: 1 | AF75: 0.91208652 | AG75: 0.88080632 | AH75: 0.84437317 | AI75: 0.79338898 | AJ75: 0.74462725 | AK75: 0.69550317 | AL75: 0.65408665 | AM75: 0.61916747 | AN75: 0.5962 | AO75: 0.5705 | AP75: 0.5226 | AQ75: 0.5 | AR75: 0.4662 | AS75: 0.45 | AT75: 0.45
A76: 3T22 | B76: 3Q22 | D76: The Garden - Residencial 1 | E76: =IF(Menu!$G$10="Português",A76,B76) -> 3T22 | F76: 0.25 | G76: 1 | H76: 1 | I76: 0.99299 | J76: 0.99299 | K76: 0.98598 | L76: 0.98598 | M76: 1 | N76: 1 | O76: 1 | P76: 0.992886 | Q76: 0.971544 | R76: 0.943088 | S76: 0.96 | T76: 0.951836 | U76: 0.81 | V76: 0.81 | AE76: 1 | AF76: 1 | AG76: 1 | AH76: 0.96409546 | AI76: 0.9498493 | AJ76: 0.91894777 | AK76: 0.93 | AL76: 0.89920026 | AM76: 0.84 | AN76: 0.8475 | AO76: 0.8121 | AP76: 0.7998 | AQ76: 0.73 | AR76: 0.6687 | AS76: 0.66 | AT76: 0.64
A77: 4T22 | B77: 4Q22 | D77: The Garden - Residencial 2 | E77: =IF(Menu!$G$10="Português",A77,B77) -> 4T22 | F77: 0.25 | G77: 0.940728 | H77: 0.95554 | I77: 0.95554 | J77: 0.95554 | K77: 0.926704 | L77: 0.926704 | M77: 0.91185 | N77: 0.91185 | O77: 0.882234 | P77: 0.882234 | Q77: 0.859518 | R77: 0.85192 | S77: 0.78 | T77: 0.718158 | U77: 0.65 | AE77: 1 | AF77: 1 | AG77: 1 | AH77: 0.91928291 | AI77: 0.84188899 | AJ77: 0.78944575 | AK77: 0.74023717 | AL77: 0.67504275 | AM77: 0.65265838 | AN77: 0.643 | AO77: 0.626 | AP77: 0.5952 | AQ77: 0.58 | AR77: 0.5998 | AS77: 0.6
A78: 4T22 | B78: 4Q22 | D78: Grand Park Moinhos - Fase 1 | E78: =IF(Menu!$G$10="Português",A78,B78) -> 4T22 | F78: 1 | G78: 0.84821429 | H78: 0.88392857 | I78: 0.90178571 | J78: 0.91964286 | K78: 0.91071429 | L78: 0.92857143 | M78: 0.92857143 | N78: 0.91964286 | O78: 0.95535714 | P78: 0.92857143 | Q78: 0.91964286 | R78: 0.91071429 | S78: 0.88 | T78: 0.82142857 | U78: 0.68 | AE78: 0.91713085 | AF78: 0.87369144 | AG78: 0.82306399 | AH78: 0.7460021 | AI78: 0.64718188 | AJ78: 0.57027844 | AK78: 0.5109146 | AL78: 0.46792918 | AM78: 0.4198749 | AN78: 0.3865 | AO78: 0.3488 | AP78: 0.3253 | AQ78: 0.29 | AR78: 0.2775 | AS78: 0.27
A79: 4T22 | B79: 4Q22 | D79: Arbo Village Park | E79: =IF(Menu!$G$10="Português",A79,B79) -> 4T22 | F79: 0.33 | G79: 0.706826 | H79: 0.715986 | I79: 0.718269 | J79: 0.676418 | K79: 0.658062 | L79: 0.661279 | M79: 0.661856 | N79: 0.640131 | O79: 0.61595 | P79: 0.593101 | Q79: 0.54182 | R79: 0.502492 | S79: 0.42 | T79: 0.346209 | U79: 0.13 | AE79: 1 | AF79: 1 | AG79: 1 | AH79: 1 | AI79: 0.89553291 | AJ79: 0.86914129 | AK79: 0.82100144 | AL79: 0.74641326 | AM79: 0.68952115 | AN79: 0.6464 | AO79: 0.5694 | AP79: 0.5386 | AQ79: 0.49 | AR79: 0.4769 | AS79: 0.38
A80: 1T23 | B80: 1Q23 | D80: Nilo Square Hotel | E80: =IF(Menu!$G$10="Português",A80,B80) -> 1T23 | F80: 0.5 | G80: 0.93846154 | H80: 0.94615385 | I80: 0.92307692 | J80: 0.92307692 | K80: 0.93076923 | L80: 0.94230769 | M80: 0.95 | N80: 0.96538462 | O80: 0.97692308 | P80: 1 | Q80: 1 | R80: 1 | S80: 1 | T80: 0.98461538 | AE80: 1 | AF80: 0.90675169 | AG80: 0.86319013 | AH80: 0.8170109 | AI80: 0.77138816 | AJ80: 0.71294769 | AK80: 0.67125156 | AL80: 0.61786276 | AM80: 0.56344431 | AN80: 0.5283 | AO80: 0.4773 | AP80: 0.3446 | AQ80: 0.3 | AR80: 0.2606
A81: 1T23 | B81: 1Q23 | D81: Grand Park Moinhos - Fase 2 | E81: =IF(Menu!$G$10="Português",A81,B81) -> 1T23 | F81: 1 | G81: 0.73684211 | H81: 0.78070175 | I81: 0.79824561 | J81: 0.79824561 | K81: 0.81578947 | L81: 0.80701754 | M81: 0.8245614 | N81: 0.80701754 | O81: 0.78070175 | P81: 0.66666667 | Q81: 0.59649123 | R81: 0.52631579 | S81: 0.43 | T81: 0.21929825 | AE81: 0.91713085 | AF81: 0.87369144 | AG81: 0.82306399 | AH81: 0.7460021 | AI81: 0.64718188 | AJ81: 0.57027844 | AK81: 0.5109146 | AL81: 0.46792918 | AM81: 0.4198749 | AN81: 0.3865 | AO81: 0.3488 | AP81: 0.3253 | AQ81: 0.29 | AR81: 0.2775
A82: 1T23 | B82: 1Q23 | D82: Arte Cidade Nilo - Fase 1 | E82: =IF(Menu!$G$10="Português",A82,B82) -> 1T23 | F82: 1 | G82: 0.6102 | H82: 0.6289 | I82: 0.6289 | J82: 0.6322 | K82: 0.6134 | L82: 0.5787 | M82: 0.5596 | N82: 0.4743 | O82: 0.4586 | P82: 0.4746 | Q82: 0.4208 | R82: 0.347 | S82: 0.29 | T82: 0.2203092 | AE82: 0.6345387 | AF82: 0.57935627 | AG82: 0.53858098 | AH82: 0.49173667 | AI82: 0.44468233 | AJ82: 0.41876105 | AK82: 0.39954498 | AL82: 0.37571693 | AM82: 0.35310075 | AN82: 0.3369 | AO82: 0.3145 | AP82: 0.315 | AQ82: 0.31 | AR82: 0.287
A83: 3T23 | B83: 3Q23 | D83: The Garden - Residencial 3 | E83: =IF(Menu!$G$10="Português",A83,B83) -> 3T23 | F83: 0.25 | G83: 0.840732 | H83: 0.840732 | I83: 0.8411 | J83: 0.848547 | K83: 0.841673 | L83: 0.827095 | M83: 0.792558 | N83: 0.747971 | O83: 0.683321 | P83: 0.590303 | Q83: 0.481331 | R83: 0.338479 | AE83: 1 | AF83: 1 | AG83: 0.92347465 | AH83: 0.91852868 | AI83: 0.88628408 | AJ83: 0.85854571 | AK83: 0.83076404 | AL83: 0.82200659 | AM83: 0.8058182 | AN83: 0.8003 | AO83: 0.8009 | AP83: 0.8235
A84: 3T23 | B84: 3Q23 | D84: Go Bom Fim | E84: =IF(Menu!$G$10="Português",A84,B84) -> 3T23 | F84: 0.65 | G84: 0.884476 | H84: 0.8914 | I84: 0.907426 | J84: 0.905381 | K84: 0.905619 | L84: 0.929313 | M84: 0.923979 | N84: 0.912611 | O84: 0.90787 | P84: 0.87677 | Q84: 0.733982 | R84: 0.492071 | AE84: 0.83837659 | AF84: 0.78675268 | AG84: 0.73517815 | AH84: 0.67228103 | AI84: 0.59242173 | AJ84: 0.53109427 | AK84: 0.46375621 | AL84: 0.39192745 | AM84: 0.34544717 | AN84: 0.3101 | AO84: 0.2773 | AP84: 0.2673
A85: 3T23 | B85: 3Q23 | D85: Casa Moinhos | E85: =IF(Menu!$G$10="Português",A85,B85) -> 3T23 | F85: 1 | G85: 0.826363 | H85: 0.826363 | I85: 0.78253 | J85: 0.663269 | K85: 0.663269 | L85: 0.623606 | M85: 0.623606 | N85: 0.666294 | O85: 0.666294 | P85: 0.666294 | Q85: 0.664016 | R85: 0.546509 | AE85: 0.81772022 | AF85: 0.77151224 | AG85: 0.74522488 | AH85: 0.71654839 | AI85: 0.66628229 | AJ85: 0.62905865 | AK85: 0.59605182 | AL85: 0.55376288 | AM85: 0.52010745 | AN85: 0.506 | AO85: 0.4972 | AP85: 0.4934
A86: 4T23 | B86: 4Q23 | D86: Las Piedras | E86: =IF(Menu!$G$10="Português",A86,B86) -> 4T23 | F86: 0.5 | G86: 0.78393 | H86: 0.783606 | I86: 0.760338 | J86: 0.760336 | K86: 0.756116 | L86: 0.752123 | M86: 0.733365 | N86: 0.72909 | O86: 0.716446 | P86: 0.708554 | Q86: 0.656432 | AE86: 1 | AF86: 0.95217144 | AG86: 0.90484856 | AH86: 0.8354639 | AI86: 0.78128204 | AJ86: 0.71549891 | AK86: 0.65050562 | AL86: 0.6086418 | AM86: 0.58309995 | AN86: 0.5576 | AO86: 0.5557
A87: 4T23 | B87: 4Q23 | D87: Raro | E87: =IF(Menu!$G$10="Português",A87,B87) -> 4T23 | F87: 0.5 | G87: 0.99597 | H87: 0.99597 | I87: 0.99597 | J87: 0.99597 | K87: 0.99597 | L87: 0.99597 | M87: 0.99597 | N87: 0.99597 | O87: 0.99597 | P87: 0.99597 | Q87: 0.99597 | AE87: 0.95811077 | AF87: 0.91539924 | AG87: 0.88790749 | AH87: 0.82579739 | AI87: 0.74052962 | AJ87: 0.66264308 | AK87: 0.59864846 | AL87: 0.53978369 | AM87: 0.47598472 | AN87: 0.4688 | AO87: 0.4582
A88: 1T24 | B88: 1Q24 | D88: High Garden Rio Branco | E88: =IF(Menu!$G$10="Português",A88,B88) -> 1T24 | F88: 1 | G88: 0.725531 | H88: 0.725531 | I88: 0.692949 | J88: 0.703004 | K88: 0.702566 | L88: 0.621786 | M88: 0.621786 | N88: 0.578565 | O88: 0.53569 | P88: 0.493603 | AE88: 0.73778631 | AF88: 0.64728006 | AG88: 0.57377935 | AH88: 0.4673786 | AI88: 0.37758661 | AJ88: 0.30315696 | AK88: 0.25068849 | AL88: 0.22377104 | AM88: 0.19289769 | AN88: 0.1774
A89: 1T24 | B89: 1Q24 | D89: Zayt | E89: =IF(Menu!$G$10="Português",A89,B89) -> 1T24 | F89: 1 | G89: 0.742333 | H89: 0.742333 | I89: 0.715518 | J89: 0.689964 | K89: 0.662264 | L89: 0.541283 | M89: 0.410541 | N89: 0.383193 | O89: 0.383193 | P89: 0.326924 | AE89: 0.53688985 | AF89: 0.4902507 | AG89: 0.4564413 | AH89: 0.41135896 | AI89: 0.37000737 | AJ89: 0.34247077 | AK89: 0.31771143 | AL89: 0.30512301 | AM89: 0.30002544 | AN89: 0.2781
A90: 3T24 | B90: 3Q24 | D90: Grand Park Moinhos | E90: =IF(Menu!$G$10="Português",A90,B90) -> 3T24 | F90: 1 | G90: 0.64912281 | H90: 0.60526316 | I90: 0.57894737 | J90: 0.53508772 | K90: 0.51754386 | L90: 0.37719298 | M90: 0.36842105 | N90: 0.3245614 | AE90: 0.91713085 | AF90: 0.87369144 | AG90: 0.82306399 | AH90: 0.7460021 | AI90: 0.64718188 | AJ90: 0.57027844 | AK90: 0.5109146 | AL90: 0.46792918
A91: 3T24 | B91: 3Q24 | D91: GO MOINHOS | E91: =IF(Menu!$G$10="Português",A91,B91) -> 3T24 | F91: 1 | G91: 0.825324 | H91: 0.808989 | I91: 0.806754 | J91: 0.803441 | K91: 0.773978 | L91: 0.643298 | M91: 0.623758 | N91: 0.623758 | AE91: 0.75112788 | AF91: 0.6681916 | AG91: 0.60396788 | AH91: 0.51766807 | AI91: 0.44371189 | AJ91: 0.36318406 | AK91: 0.33113877 | AL91: 0.27478049
A92: 3T24 | B92: 3Q24 | D92: YOFI | E92: =IF(Menu!$G$10="Português",A92,B92) -> 3T24 | F92: 0.5 | G92: 0.78582 | H92: 0.79467 | I92: 0.66378 | J92: 0.66378 | K92: 0.637025 | L92: 0.470516 | M92: 0.468413 | N92: 0.424485 | AE92: 0.7654158 | AF92: 0.71559464 | AG92: 0.66387048 | AH92: 0.59542256 | AI92: 0.51971128 | AJ92: 0.46257968 | AK92: 0.43546407 | AL92: 0.40327018
A93: 3T24 | B93: 3Q24 | D93: Open Alto Ipiranga - F1 | E93: =IF(Menu!$G$10="Português",A93,B93) -> 3T24 | F93: 1 | G93: 1 | H93: 0.99300699 | I93: 0.94405594 | J93: 0.88811189 | K93: 0.82517483 | L93: 0.7972028 | M93: 0.79020979 | N93: 0.420742 | AE93: 0.57200343 | AF93: 0.47931271 | AG93: 0.39734477 | AH93: 0.31768089 | AI93: 0.24941466 | AJ93: 0.20422978 | AK93: 0.19594584 | AL93: 0.17865757
A94: 4T24 | B94: 4Q24 | D94: Jazz | E94: =IF(Menu!$G$10="Português",A94,B94) -> 4T24 | F94: 1 | G94: 0.676125 | H94: 0.645834 | I94: 0.585252 | J94: 0.53399 | K94: 0.488554 | L94: 0.36065574 | M94: 0.3442623 | AE94: 0.63190213 | AF94: 0.57091482 | AG94: 0.51909002 | AH94: 0.43508338 | AI94: 0.38015677 | AJ94: 0.32294181 | AK94: 0.30335097
A95: 4T24 | B95: 4Q24 | D95: GREEN FIELD | E95: =IF(Menu!$G$10="Português",A95,B95) -> 4T24 | F95: 0.33 | G95: 0.946231 | H95: 0.955341 | I95: 0.967579 | J95: 0.967579 | K95: 0.965758 | L95: 0.91366906 | M95: 0.91366906 | AE95: 0.82135121 | AF95: 0.76558081 | AG95: 0.70988169 | AH95: 0.64424621 | AI95: 0.59439431 | AJ95: 0.53602714 | AK95: 0.52329371
A96: 4T24 | B96: 4Q24 | D96: Peninsula Xangri-la Norte | E96: =IF(Menu!$G$10="Português",A96,B96) -> 4T24 | F96: 0.5 | G96: 0.958784 | H96: 0.960363 | I96: 0.969076 | J96: 0.969076 | K96: 0.985705 | L96: 0.9847619 | M96: 0.9352381 | AE96: 0.6534439 | AF96: 0.60187158 | AG96: 0.5444206 | AH96: 0.49634858 | AI96: 0.44075917 | AJ96: 0.41222344 | AK96: 0.40906701
A97: 4T24 | B97: 4Q24 | D97: Open Alto Ipiranga - F2 | E97: =IF(Menu!$G$10="Português",A97,B97) -> 4T24 | F97: 1 | G97: 0.99439776 | H97: 0.99719888 | I97: 0.97478992 | J97: 0.94117647 | K97: 0.87114846 | L97: 0.78711485 | M97: 0.73109244 | AE97: 0.57200343 | AF97: 0.47931271 | AG97: 0.39734477 | AH97: 0.31768089 | AI97: 0.24941466 | AJ97: 0.20422978 | AK97: 0.19594584
A98: 2T25 | B98: 2Q25 | D98: Gama 1375 | E98: =IF(Menu!$G$10="Português",A98,B98) -> 2T25 | F98: 1 | G98: 0.535955 | H98: 0.508103 | I98: 0.437503 | J98: 0.295315 | K98: 0.295315 | AE98: 0.48437273 | AF98: 0.40033301 | AG98: 0.36161124 | AH98: 0.32634475 | AI98: 0.30477864
A99: 2T25 | B99: 2Q25 | D99: High Garden Iguatemi | E99: =IF(Menu!$G$10="Português",A99,B99) -> 2T25 | F99: 1 | G99: 0.596966 | H99: 0.576495 | I99: 0.46275 | J99: 0.412151 | K99: 0.322296 | AE99: 0.34905487 | AF99: 0.2940576 | AG99: 0.25146256 | AH99: 0.2252729 | AI99: 0.22769582
A100: 3T25 | B100: 3Q25 | D100: Go Home Design | E100: =IF(Menu!$G$10="Português",A100,B100) -> 3T25 | F100: 1 | G100: 0.539603 | H100: 0.496197 | I100: 0.457856 | J100: 0.41902 | AE100: 0.45163741 | AF100: 0.41405227 | AG100: 0.38273465 | AH100: 0.37291284
A101: 3T25 | B101: 3Q25 | D101: Open Major - F1 | E101: =IF(Menu!$G$10="Português",A101,B101) -> 3T25 | F101: 1 | G101: 0.76666667 | H101: 0.68 | I101: 0.63333333 | J101: 0.318636 | AE101: 0.32029451 | AF101: 0.2685983 | AG101: 0.22840386 | AH101: 0.17306558
A102: 4T25 | B102: 4Q25 | D102: Open Major - F2 | E102: =IF(Menu!$G$10="Português",A102,B102) -> 4T25 | F102: 1 | G102: 0.79444444 | H102: 0.66111111 | I102: 0.33333333 | AE102: 0.32029451 | AF102: 0.2685983 | AG102: 0.22840386
A103: 4T25 | B103: 4Q25 | D103: Open Bosque - F1 | E103: =IF(Menu!$G$10="Português",A103,B103) -> 4T25 | F103: 1 | G103: 0.796875 | H103: 0.76822917 | I103: 0.40007 | AE103: 0.19572307 | AF103: 0.18036384 | AG103: 0.17812284
A104: 4T25 | B104: 4Q25 | D104: Square Garden - F1 | E104: =IF(Menu!$G$10="Português",A104,B104) -> 4T25 | F104: 1 | G104: 0.62124711 | H104: 0.484869 | I104: 0.398707 | AE104: 0.31836743 | AF104: 0.31257482 | AG104: 0.31364981
A105: 1T26 | B105: 1Q26 | D105: Seen Três Figueiras | E105: =IF(Menu!$G$10="Português",A105,B105) -> 1T26 | F105: 1 | G105: 0.59365 | H105: 0.56454 | AE105: 0.34897948 | AF105: 0.32205885
A106: 1T26 | B106: 1Q26 | D106: Open Bosque - F2 | E106: =IF(Menu!$G$10="Português",A106,B106) -> 1T26 | F106: 1 | G106: 0.68229167 | H106: 0.31770833 | AE106: 0.19572307 | AF106: 0.18036384
A107: 2T26 | B107: 2Q26 | D107: Square Garden - F2 | E107: =IF(Menu!$G$10="Português",A107,B107) -> 2T26 | F107: 1 | G107: 0.17567568 | AE107: 0.31836743
